 Dungeon Crawl Stone Soup version 0.31-a0-466-g98c9adc2b6 (webtiles) character file.

Game seed: 15135222607540439675

14732255 wormstring the Ninja (level 27, 162/163 HPs)
             Began as a Felid Shapeshifter on Aug 5, 2023.
             Was the Champion of Jiyva.
             Escaped with the Orb
             ... and 15 runes on Aug 6, 2023!
             The game lasted 03:35:56 (107138 turns).

wormstring the Ninja (Felid Shapeshifter)         Turns: 107138, Time: 03:35:56

Health: 162/163    AC: 18    Str: 25    XL:     27
Magic:  64/64      EV: 77    Int: 20    God:    Jiyva [******]
Gold:   10855      SH:  0    Dex: 22    Spells: 33/80 levels left
                                        Lives:  2   Deaths: 2

rFire   + .          .
                       - Unarmed
rCold   + + +        (shield unavailable)
rNeg    . . .        (body armour unavailable)
rPois   ∞            (helmet unavailable)
rElec   +            (cloak unavailable)
rCorr   +            (gloves unavailable)
SInv    +            (boots unavailable)
Will    ++++.        y - amulet of guardian spirit
Stlth   ++++         O - ring "Qyabb" {rElec rC++ MP+9 Str+6 Int+2}
HPRegen 2.07/turn    m - ring "Gariphais" {Contam Fly rF+ rC+ Slay+3}
MPRegen 0.89/turn

%: guardian spirit
@: agile, storm-form, flying, studying Transmutations
A: cleaving, insubstantial, flying, very small, (claws 1), (fangs 3), see
invisible, (speed 1), (shaggy fur 3), (stealthy paws), no weapons or thrown
items, no armour, multi-lived, (horns 2), clever 2, (cold resistance 3), sense
surroundings 1, robust 1, strong 2, wild magic 2, (gelatinous body 1),
(pseudopods 1), inability to drink after injury 1
0: Orb of Zot
}: 15/15 runes: barnacled, slimy, silver, golden, iron, obsidian, icy, bone,
abyssal, demonic, glowing, magical, fiery, dark, gossamer
a: Blinkbolt, Begin Untransformation, Renounce Religion, Oozemancy, Slimify


You escaped.
You worshipped Jiyva.
Jiyva was exalted by your worship.
You were a lightning-filled tempest!
You visited 17 branches of the dungeon, and saw 84 of its levels.
You visited Pandemonium 2 times, and saw 19 of its levels.
You visited the Abyss 3 times.
You also visited: Gauntlet, Wizlab and Desolation.

You collected 32619 gold pieces.
You spent 7766 gold pieces at shops.
You paid 13998 gold pieces to Gozag.

Inventory:

Jewellery
 k - the ring of Dopriton {Drain rPois rN+ EV+5 Int+4}
   (You found it on level 7 of the Iron City of Dis)

   [ring of evasion]

   EV:        It affects your evasion (+5).
   Int:       It affects your intelligence (+4).
   rPois:     It protects you from poison.
   rN:        It protects you from negative energy.
   Drain:     It drains your maximum health when unequipped.
 m - the ring "Gariphais" (right paw) {Contam Fly rF+ rC+ Slay+3}
   (You bought it in a shop on level 1 of the Orcish Mines)

   [ring of flight]

   Slay:      It affects your accuracy & damage with ranged weapons and melee
   (+3).
   rF:        It protects you from fire.
   rC:        It protects you from cold.
   Fly:       It grants you flight.
   Contam:    It causes magical contamination when unequipped.
 s - the ring "Plog" {rN+ Dex+2 Slay+4}
   (You found it on level 3 of the Tomb of the Ancients)

   [ring of slaying]

   Dex:       It affects your dexterity (+2).
   Slay:      It affects your accuracy & damage with ranged weapons and melee
   (+4).
   rN:        It protects you from negative energy.
 y - an amulet of guardian spirit (around neck)
 H - the ring of Etol {Wiz rPois rC+ Str+4 Int+2}
   (You found it on level 7 of Gehenna)

   [ring of wizardry]

   It improves your spell success rate.
   Str:       It affects your strength (+4).
   Int:       It affects your intelligence (+2).
   rC:        It protects you from cold.
   rPois:     It protects you from poison.
 L - the amulet of Yriudum {Faith Will+ Regen+}
   (You found it on level 7 of Gehenna)

   [amulet of faith]

   It allows you to gain divine favour quickly.
   Regen:     It increases your rate of health regeneration.
   Will:      It increases your willpower.
 N - the ring of Ofukk {rC+ Str+2 Int+3}
   (You found it on level 7 of Gehenna)

   [ring of protection from cold]

   Str:       It affects your strength (+2).
   Int:       It affects your intelligence (+3).
   rC:        It protects you from cold.
 O - the ring "Qyabb" (left paw) {rElec rC++ MP+9 Str+6 Int+2}
   (You bought it in a shop on level 9 of the Dungeon)

   [ring of strength]

   Str:       It affects your strength (+6).
   Int:       It affects your intelligence (+2).
   rC:        It greatly protects you from cold.
   rElec:     It insulates you from electricity.
   MP:        It affects your magic capacity (+9).
 P - a +4 ring of protection
 Q - a +6 ring of strength
 Z - an amulet of regeneration
Talismans
 b - a beast talisman
 n - a talisman of death
 z - a storm talisman (active)
 V - a granite talisman
Wands
 p - a wand of roots (48)
 t - a wand of polymorph (70)
 u - a wand of mindburst (35)
 v - a wand of paralysis (44)
 w - a wand of flame (40)
 I - a wand of acid (36)
 J - a wand of digging (28) (quivered)
Scrolls
 i - 12 scrolls of fear
 q - 11 scrolls of teleportation
 B - 5 scrolls of poison
 C - 2 scrolls of silence
 K - 3 scrolls of blinking
 T - 8 scrolls of immolation
 U - 4 scrolls of amnesia
 W - 5 scrolls of revelation
 X - 10 scrolls of fog
Potions
 a - 9 potions of brilliance
 c - 9 potions of heal wounds
 e - 3 potions of invisibility
 f - 3 potions of berserk rage
 h - 26 potions of curing
 j - 10 potions of mutation
 o - a potion of might
 x - 19 potions of enlightenment
 A - 8 potions of attraction
 D - 11 potions of haste
 E - 6 potions of cancellation
 F - 11 potions of magic
 G - 7 potions of lignification
 M - 6 potions of ambrosia
Miscellaneous
 d - a figurine of a ziggurat
 g - the horn of Geryon
 r - a phantom mirror
 R - a sack of spiders
 S - a condenser vane
 Y - a lightning rod (4/4)


   Skills:
 O Level 27 Fighting
 O Level 27 Dodging
 O Level 27 Stealth
 O Level 27 Unarmed Combat
 O Level 27 Spellcasting
 O Level 27 Hexes
 O Level 27 Translocations
 + Level 13.8 Ice Magic
 O Level 27 Evocations
 O Level 27 Shapeshifting


You had 33 spell levels left.
You knew the following spells:

 Your Spells              Type           Power      Damage    Failure   Level
a - Vhi's Electric Charg  Tloc/Air       100%       N/A       1%          3
c - Enfeeble              Hex            60%        N/A       1%          7
d - Discord               Hex            60%        N/A       1%          8
j - Disjunction           Tloc           60%        N/A       1%          8
l - Dispersal             Tloc           60%        N/A       1%          6
p - Passage of Golubria   Tloc           100%       N/A       1%          4
s - Swiftness             Air            43%        N/A       10%         3
u - Yara's Violent Unrav  Hex/Tmut       46%        3d18      1%          5
w - Passwall              Tmut/Erth      35%        N/A       6%          2
y - Apportation           Tloc           100%       N/A       1%          1

Your spell library contained the following spells:

 Spells                   Type           Power      Damage    Failure   Level
 Freeze                   Ice            100%       1d10      1%          1
 Slow                     Hex            100%       N/A       1%          1
 Ensorcelled Hibernation  Hex/Ice        100%       N/A       1%          2
 Lesser Beckoning         Tloc           100%       N/A       1%          2
 Momentum Strike          Conj/Tloc      100%       3d10      1%          2
 Confusing Touch          Hex            100%       N/A       1%          3
 Frozen Ramparts          Ice            100%       1d16      1%          3
 Gell's Gravitas          Tloc           100%       N/A       1%          3
 Hailstorm                Conj/Ice       72%        3d15      1%          3
 Inner Flame              Hex/Fire       92%        N/A       1%          3
 Summon Guardian Golem    Hex/Summ       92%        N/A       1%          3
 Teleport Other           Tloc           100%       N/A       1%          3
 Tukima's Dance           Hex            100%       N/A       1%          3
 Anguish                  Hex/Necr       46%        N/A       1%          4
 Cause Fear               Hex            60%        N/A       1%          4
 Iskenderun's Mystic Bla  Conj/Tloc      92%        2d18      1%          4
 Leda's Liquefaction      Hex/Erth       46%        N/A       1%          4
 Metabolic Englaciation   Hex/Ice        54%        N/A       1%          5
 Silence                  Hex/Air        46%        N/A       1%          5
 Summon Forest            Summ/Tloc      46%        N/A       1%          5
 Summon Mana Viper        Hex/Summ       92%        N/A       1%          5
 Summon Ice Beast         Ice/Summ       72%        N/A       3%          4
 Foxfire                  Conj/Fire      100%       2x1d9     4%          1
 Kiss of Death            Conj/Necr      100%       2d13      4%          1
 Magic Dart               Conj           100%       1d8       4%          1
 Necrotise                Necr           100%       1d9       4%          1
 Sandblast                Erth           86%        2d18      4%          1
 Shock                    Conj/Air       100%       1d9       4%          1
 Sting                    Tmut/Pois      100%       1d8       4%          1
 Summon Small Mammal      Summ           100%       N/A       4%          1
 Call Imp                 Summ           86%        N/A       6%          2
 Cigotuvi's Dreadful Rot  Necr/Pois/Air  86%        N/A       6%          2
 Poisonous Vapours        Pois/Air       86%        N/A       6%          2
 Scorch                   Fire           86%        2d8       6%          2
 Searing Ray              Conj           86%        2d7       6%          2
 Static Discharge         Conj/Air       86%        2-6/arc   6%          2
 Call Canine Familiar     Summ           43%        N/A       10%         3
 Ignite Poison            Fire/Tmut/Pois 43%        N/A       10%         3
 Mephitic Cloud           Conj/Pois/Air  43%        N/A       10%         3
 Stone Arrow              Conj/Erth      86%        3d12      10%         3
 Vampiric Draining        Necr           43%        2d9       10%         3
 Ozocubu's Refrigeration  Ice            46%        4d17      10%         7
 Malign Gateway           Summ/Tloc      46%        N/A       11%         7
 Freezing Cloud           Conj/Ice/Air   32%        6-21      12%         5
 Simulacrum               Ice/Necr       36%        N/A       22%         6
 Airstrike                Air            21%        2d(4-20)  24%         4
 Animate Dead             Necr           43%        N/A       24%         4
 Dispel Undead            Necr           43%        3d17      24%         4
 Flame Wave               Conj/Fire      43%        2d11      24%         4
 Olgreb's Toxic Radiance  Pois           43%        N/A       24%         4
 Petrify                  Tmut/Erth      43%        N/A       24%         4
 Sticky Flame             Conj/Fire      43%        2d6       24%         4
 Summon Lightning Spire   Summ/Air       43%        N/A       24%         4
 Agony                    Necr           43%        N/A       50%         5
 Alistair's Intoxication  Tmut/Pois      28%        N/A       50%         5
 Arcjolt                  Conj/Air       21%        1d31      50%         5
 Borgnjor's Vile Clutch   Necr/Erth      21%        N/A       50%         5
 Fireball                 Conj/Fire      21%        3d10      50%         5
 Irradiate                Conj/Tmut      21%        3d18      50%         5
 Iskenderun's Battlesphe  Conj           43%        2d9       50%         5
 Lee's Rapid Deconstruct  Erth           21%        3d12*     50%         5
 Conjure Ball Lightning   Conj/Air       21%        3x3d6     95%         6
 Eringya's Noxious Bog    Tmut/Pois      21%        4d6       95%         6
 Leda's Unmaking          Conj/Erth      21%        9d4       95%         6
 Starburst                Conj/Fire      21%        6d7       95%         6
 Summon Cactus Giant      Summ           21%        N/A       95%         6
 Polar Vortex             Ice            46%        12d6*     99%         9
 Haunt                    Necr/Summ      21%        N/A       100%        7
 Monstrous Menagerie      Summ           21%        N/A       100%        7
 Orb of Destruction       Conj           21%        9d8       100%        7
 Spellforged Servitor     Conj/Summ      21%        N/A       100%        7
 Summon Hydra             Summ           21%        N/A       100%        7
 Borgnjor's Revivificati  Necr           21%        N/A       100%        8
 Ignition                 Fire           21%        3d8       100%        8
 Infestation              Necr           21%        N/A       100%        8
 Lehudib's Crystal Spear  Conj/Erth      21%        10d6      100%        8
 Maxwell's Capacitive Co  Air            21%        ∞         100%        8
 Summon Horrible Things   Summ           21%        N/A       100%        8
 Chain Lightning          Conj/Air       21%        3d28      100%        9
 Dragon's Call            Summ           21%        N/A       100%        9
 Fire Storm               Conj/Fire      21%        8d6       100%        9
 Shatter                  Erth           21%        3d19*     100%        9
 Portal Projectile        Hex/Tloc       Unusable   N/A       N/A         3
 Sublimation of Blood     Necr           Unusable   N/A       N/A         2

Dungeon Overview and Level Annotations

Branches:
Dungeon (15/15)            Temple (0/1) D:5            Lair (5/5) D:11
 Shoals (4/4) Lair:2       Spider (4/4) Lair:2        Slime (5/5) Lair:5
    Orc (2/2) D:12            Elf (3/3) Orc:2        Vaults (5/5) D:14
  Crypt (3/3) Vaults:3       Tomb (3/3) Crypt:3      Depths (4/4) D:15
   Hell (visited)             Dis (7/7) Hell            Geh (7/7) Hell
    Coc (7/7) Hell            Tar (7/7) Hell            Zot (5/5) Depths:4
 WizLab (visited)         Desolation (visited)      Gauntlet (visited)

Altars:
Gozag
Hepliaklqana
Kikubaaqudgha
Nemelex Xobeh
Okawaru
Qazlal
Ru
Sif Muna
Uskayaw
Wu Jian
Yredelemnul
Zin
Jiyva

Shops:
D:9 =   Orc:1 *=   Orc:2 =((**   Elf:2 =:*   Elf:3 *   Lair:5 :=   Slime:2 =
Vaults:3 (:==[   Vaults:4 (?=   Depths:4 =

Portals:
Hell: Depths:1 Depths:2 Depths:3 Depths:4
Abyss: Depths:2 Depths:3
Pandemonium: Depths:2
Ziggurat: Depths:3
Trove: Vaults:1 (give 18 scrolls of teleportation)

Annotations:
D:1 Crazy Yiuf
Slime:5 Royal Jelly


Innate Abilities, Weirdness & Mutations

You are a lightning-filled tempest!
Your electrical attacks strike out in all directions at once.
You are incredibly evasive.
Your insubstantial body is immune to petrification, constriction, and being set on fire You are flying.
You are immune to poison.
((You have sharp claws.))
((You have razor-sharp teeth.))
You have supernaturally acute eyesight. (SInv)
((You cover ground quickly. (Speed+)))
((Your thick and shaggy fur keeps you warm. (AC +3, rC+)))
((Your paws help you pounce on unaware monsters.))
You are incapable of wielding weapons or throwing items.
You cannot wear armour.
You gain extra lives every three experience levels.
((You have a pair of horns on your head.))
Your mind is very acute. (Int +8, Str/Dex -2)
((Your flesh is almost immune to the effects of cold. (rC+++)))
You passively map a small area around you.
You are robust. (+10% HP)
Your muscles are very strong. (Str +8, Int/Dex -2)
Your spells are harder to cast, but more powerful.
((Your rubbery body absorbs attacks. (AC +1, EV +1)))
((Armour fits poorly on your pseudopods.))
You occasionally lose the ability to drink potions when taking damage.


Message History

A cacodemon comes into view.
The sixfirhy attacks as you move away! The sixfirhy completely misses you. x3
You hear a distant slurping noise.
You hear a distant slurping noise.
The sixfirhy hits you but does no damage. x2
The sixfirhy completely misses you.
The blizzard demon waves its arms in wide circles.
The air twists around and strikes you!
You completely miss the sixfirhy. The sixfirhy completely misses you.
The sixfirhy hits you but does no damage.
You blast the sixfirhy!!!!
You kill the sixfirhy!
Some rock shatters into small pieces.
Crazy Yiuf attacks as you move away! Crazy Yiuf hits you but does no damage.
The cacodemon gestures next to the blizzard demon.
You hear a grinding noise.
Crazy Yiuf says, "Get me out of this place."
Crazy Yiuf attacks as you move away! Crazy Yiuf completely misses you.
The cacodemon gestures next to you.
Some rock shatters into small pieces.
You hear a distant slurping noise.
Crazy Yiuf attacks as you move away! Crazy Yiuf hits you but does no damage.
You feel agile all of a sudden.
The blizzard demon waves its arms in wide circles.
The air twists around and strikes you. Crazy Yiuf attacks as you move away!
Crazy Yiuf completely misses you.
Crazy Yiuf says, "Wait for me!"
Some rock shatters into small pieces.
There is an escape hatch in the floor here.
Crazy Yiuf says, "Wait for me!"
Crazy Yiuf attacks as you move away! Crazy Yiuf completely misses you.
The blizzard demon waves its arms in wide circles.
The air twists around and strikes you.
There is a staircase leading out of the dungeon here.
Magic restored.
Crazy Yiuf says, "You found it!"
Crazy Yiuf completely misses you.
The cacodemon gestures next to Crazy Yiuf.
Some rock shatters into small pieces.
You have escaped!

.#######.##...#.##.##.#####
............#.#.##.##.#...#
########.##...#.##........#
#.###.##.#####.#...#
#.......)#####.##.##
#####.#........#.†.##
#.#.#######.....# #.#.##.#
##....# #.#..v.## #....#
#.#.g...## #...##
##.#2##...# ##.##
*#...~.#...## #.# *
##.#2#~J##...# #.#
######.#..#≈~.#...###.# .*
#.........#≈~~##...##.# #.
#.##.......≈≈≈~'...'..#
#.#.#.#######≈~~##...##.#


You could see a cacodemon, a blizzard demon and Crazy Yiuf.

Vanquished Creatures
  Cerebov (Pan)
  Antaeus (Coc:7)
  Asmodeus (Geh:7)
  the Serpent of Hell (Dis:7)
  Gloorx Vloq (Pan)
  Mnoleg (Pan)
  Lom Lobon (Pan)
  3 dread liches
  Dispater (Dis:7)
  4 ancient liches
  2 orbs of fire (Zot:5)
  Mara (Depths:3)
  Mennas (Pan)
  5 juggernauts
  The ghost of Xeyjeo the Intangible, a veteran MfMo of Cheibriados (Depths:1)
  Josephina (Depths:3)
  20 royal mummies
  Sojobo (Crypt:1)
  21 shard shrikes
  Vv (Zot:4)
  Saint Roka (Orc:2)
  The ghost of LustLizard the Metallomancer, a veteran DEFE of Jiyva (Zot:5)
  16 pandemonium lords
  Margery (Crypt:3)
  Xtahua (Crypt:1)
  12 Killer Klowns
  25 caustic shrikes
  Geryon (Hell)
  Nikola (Vaults:1)
  7 golden dragons
  Jory (Crypt:1)
  the Enchantress (Depths:1)
  2 pearl dragons (Abyss:3)
  29 bone dragons
  6 profane servitors
  12 Brimstone Fiends
  A Hellbinder (WizLab)
  12 doom hounds
  17 Tzitzimimeh
  11 iron giants
  3 electric golems
  30 Hell Sentinels
  2 shard shrike zombies
  Zenata (Crypt:3)
  8 hellephants
  29 Orb Guardians
  10 liches
  22 tentacled monstrosities
  2 shard shrike skeletons (Tar:7)
  32 Ice Fiends
  2 walking earthen tomes (Depths:3)
  16 tainted leviathans
  11 quicksilver dragons
  Asterion (Depths:1)
  2 walking frostbound tomes
  A deep elf blademaster (Elf:2)
  A walking crystal tome (Depths:3)
  19 searing wretches
  A deep elf master archer (Elf:3)
  14 titans
  36 ancient champions
  A kraken (Abyss:3)
  24 Executioners (Pan)
  9 tentacled starspawn
  3 acid blobs
  11 sphinxes
  Frances (Spider:1)
  15 death cobs
  10 tengu reavers
  Aizul (Shoals:1)
  25 storm dragons
  A daeva (Pan)
  5 rockslimes
  8 shadow dragons
  3 revenants
  8 draconian knights
  Donald (Crypt:2)
  Roxanne (Elf:1)
  4 azure jellies
  23 fire giants
  24 frost giants
  49 balrugs
  Louise (Depths:3)
  12 demonspawn warmongers
  14 vault wardens
  4 draconian shifters
  8 emperor scorpions
  15 narguns
  16 iron dragons
  2 imperial myrmidons (Desolation)
  6 ghouls
  8 draconian scorchers
  3 caustic shrike zombies
  3 spectral caustic shrikes
  The ghost of Bihodil the Severer, a journeyman DgDe (Spider:4)
  5 deep elf sorcerers (Elf:3)
  6 ghost moths
  6 draconian stormcallers
  7 shard shrike simulacra
  21 reapers
  8 deep elf elementalists (Elf:3)
  12 demonspawn blood saints
  14 quicksilver elementals
  5 spriggan defenders
  19 ironbound preservers
  4 curse skulls
  29 very ugly things
  54 war gargoyles
  6 draconian annihilators
  6 quicksilver oozes
  5 orc warlords
  27 cacodemons
  13 demonspawn corrupters
  2 juggernaut skeletons (Hell)
  12 formless jellyfish
  A caustic shrike skeleton (Tar:7)
  9 vampire knights
  15 stone giants
  8 broodmothers
  22 elemental wellsprings
  11 deep elf annihilators
  6 ironbound thunderhulks
  6 green draconians
  8 black draconians
  12 putrid mouths
  12 deep elf demonologists
  6 dire elephants
  11 bennus
  21 lorocyprocas
  19 demonspawn black suns (Pan)
  19 wendigos
  3 halazid warlocks (Desolation)
  13 white draconians
  8 yellow draconians
  A minotaur (Gauntlet)
  2 purple draconians (Zot:1)
  11 red draconians
  6 spark wasps
  The ghost of Couk the Blocker, a journeyman MiFi of Okawaru (Lair:2)
  19 green deaths
  The ghost of Osoi the Fighter, a journeyman DsFi of Qazlal (Lair:2)
  12 eidola
  A quicksilver dragon zombie (Crypt:2)
  14 blizzard demons
  12 deep elf death magi
  18 mummy priests
  An acid blob zombie (Crypt:1)
  10 merfolk javelineers
  10 ettins
  6 crystal guardians
  3 spectral spriggans
  18 iron golems
  10 entropy weavers
  13 yaktaur captains
  5 ragged hierophants (Desolation)
  11 fire dragons
  A spectral iron giant (Tar:4)
  6 spriggan zombies
  9 jiangshi
  8 merfolk impalers
  6 deep elf high priests
  7 great orbs of eyes
  32 vault guards
  6 rakshasas
  A shambling mangrove (Abyss:3)
  Erolcha (Orc:1)
  A hydra (shapeshifter) (D:14)
  A fenstrider witch zombie (Crypt:1)
  10 salamander tyrants
  5 hydras
  9 juggernaut simulacra
  5 caustic shrike simulacra
  4 ice dragons
  2 servants of whispers (Desolation)
  8 spriggan air magi
  A catoblepas (Lair:5)
  2 ironbound frosthearts
  The ghost of Etsiony the Grappler, a novice TrSh of Cheibriados (Lair:2)
  7 hell beasts
  2 merfolk avatars (Shoals:4)
  13 peacekeepers
  A fenstrider witch skeleton (Pan)
  A satyr (Shoals:3)
  5 boulder beetles
  A radroach (Spider:2)
  7 spriggan skeletons
  14 centaur warriors
  35 dancing weapons
  5 ogre magi
  The ghost of randomguy2701 the Cleaver, a novice HOFi of Beogh (D:8)
  13 deep troll shamans
  23 stokers
  14 deep troll earth magi
  4 merfolk aquamancers (Shoals:4)
  5 tengu warriors
  28 demonic crawlers
  43 hell hogs
  21 two-headed ogres
  30 death scarabs
  6 death yaks (Lair:2)
  14 vampire magi
  2 spectral nagas
  14 thrashing horrors
  6 holy swine (Pan)
  A titan zombie (Crypt:2)
  17 crystal echidnas
  A spectral storm dragon (Tar:1)
  4 orc high priests (Orc:2)
  4 spriggans (Depths:1)
  27 hell knights
  63 soul eaters
  4 spriggan berserkers
  A spectral emperor scorpion (Spider:4)
  Nergalle (Lair:1)
  A fire crab (Abyss:3)
  A titan skeleton (Pan)
  4 skysharks
  19 deep elf knights
  34 shadow wraiths
  2 spark wasp zombies
  18 iron trolls
  2 sun moths
  6 pharaoh ants
  84 sun demons
  A spectral ghost moth (Spider:4)
  A fire crab (shapeshifter) (Elf:2)
  33 skeletal warriors
  A spatial maelstrom (Abyss:3)
  32 sixfirhies
  7 wretched stars
  A cherub (Pan)
  9 sea snakes
  3 spectral anacondas
  9 orb spiders
  2 bog bodies
  2 quicksilver dragon simulacra
  13 shadow demons (Pan)
  72 deep trolls
  72 slime creatures
  12 deep elf archers
  3 flayed ghosts
  23 ironbound convokers
  9 spriggan simulacra
  An anaconda zombie (Tar:7)
  A glowing orange brain (Vaults:1)
  16 harpies
  2 shadow dragon zombies
  A swamp dragon (Lair:5)
  4 kraken simulacra (Coc:7)
  A spectral wolf spider (Spider:4)
  A lindwurm (shapeshifter) (Vaults:2)
  8 lindwurms
  24 ugly things
  14 orc knights
  9 wizards
  7 steelbarb worms
  14 necromancers
  A tengu zombie (Vaults:1)
  2 anaconda skeletons
  Pikel (D:4)
  29 deep elf zephyrmancers
  A spectral ettin (Tar:4)
  31 wolf spiders
  27 deep elf pyromancers
  8 phantasmal warriors
  A goliath frog skeleton (Crypt:1)
  11 orc sorcerers
  2 oklob plants (Spider:3)
  4 cyclopes
  8 manticores
  An elephant (shapeshifter) (Elf:1)
  A toenail golem (D:12)
  A fire giant skeleton (Depths:3)
  A shining eye (Slime:2)
  9 elephants
  6 guardian serpents
  4 black mambas
  33 moths of wrath
  A water nymph (shapeshifter) (Elf:2)
  13 vault sentinels
  3 centaur zombies
  4 merfolk sirens
  17 water nymphs
  2 apocalypse crabs
  3 dire elephant zombies
  76 smoke demons
  3 ice statues
  5 rust devils
  12 cane toads
  3 naga zombies
  6 torpor snails
  8 molten gargoyles
  An unseen horror (shapeshifter) (Elf:1)
  30 hellions
  26 orange demons
  2 titan simulacra
  An emperor scorpion simulacrum (Spider:4)
  5 efreet
  A purple draconian zombie (Crypt:2)
  An unseen horror (D:11)
  4 rime drakes
  8 komodo dragons
  2 dire elephant skeletons (Hell)
  2 golden dragon simulacra
  26 tormentors
  A komodo dragon (shapeshifter) (Elf:2)
  3 tengu conjurers
  An anaconda simulacrum (Coc:3)
  7 ancient zymes
  3 iron giant simulacra (Coc:7)
  9 ice devils
  18 yaktaurs
  A catoblepas skeleton (Crypt:1)
  2 alligator snapping turtle skeletons
  A bunyip simulacrum (Coc:2)
  21 guardian mummies
  2 spectral harpies
  A white draconian skeleton (Crypt:1)
  35 hellwings
  A yaktaur skeleton (Vaults:1)
  6 freezing wraiths
  A spectral two-headed ogre (Tar:1)
  A pale draconian skeleton (Crypt:1)
  16 red devils
  11 polar bears
  2 ghost moth simulacra (Spider:4)
  12 meliai
  A minotaur skeleton (Crypt:2)
  30 merfolk
  A meliai (shapeshifter) (D:15)
  A wolf spider simulacrum (Spider:4)
  13 trolls
  45 saltlings
  27 wind drakes
  4 harpy zombies
  34 tarantellas
  5 harpy skeletons
  5 blink frogs (Lair:4)
  A fire giant simulacrum (Depths:3)
  15 raiju
  8 dream sheep
  An iron dragon simulacrum (Depths:3)
  A fire dragon zombie (Crypt:3)
  58 flying skulls
  A snapping turtle (shapeshifter) (Vaults:5)
  5 snapping turtles
  An ettin zombie (Hell)
  A centaur simulacrum (Coc:1)
  5 hornets
  32 jumping spiders
  Sigmund (D:2)
  9 air elementals
  5 shadows
  A stone giant simulacrum (Coc:1)
  A culicivora (shapeshifter) (Elf:3)
  31 culicivoras
  An ettin skeleton (Pan)
  A spectral black mamba (Tar:2)
  A black mamba skeleton (Hell)
  A black mamba zombie (Hell)
  5 wyverns
  3 dire elephant simulacra
  An orc simulacrum (Coc:1)
  39 ynoxinuls
  12 ushabtiu
  55 yaks
  19 water elementals
  8 golden eyes
  5 basilisks
  4 wraiths
  A fire bat (Pan)
  A steam dragon (Lair:5)
  3 fire elementals
  Grum (D:9)
  40 chaos spawn
  An alligator snapping turtle simulacrum (Coc:2)
  8 vampire mosquitoes
  51 large abominations
  60 redbacks
  27 neqoxecs
  12 harpy simulacra
  18 wargs
  A death yak simulacrum (Lair:4)
  2 spatial vortices (Abyss:3)
  A spectral entropy weaver (Spider:4)
  A demonspawn zombie (Crypt:2)
  3 acid dragons
  17 hell hounds
  3 naga skeletons (Crypt:3)
  16 water moccasins
  A demonspawn skeleton (Crypt:2)
  A glowing shapeshifter zombie (Vaults:1)
  4 hydra simulacra
  A deep troll skeleton (Pan)
  2 ice beasts
  16 black bears
  2 swamp drakes (Lair:5)
  47 orc warriors
  8 ettin simulacra
  A sky beast (D:7)
  21 ogres
  8 boggarts
  30 wolves
  13 centaurs
  15 starcursed masses
  3 lemures (D:4)
  A vine stalker zombie (Crypt:1)
  3 kobold brigands
  15 bullfrogs
  3 earth elementals
  4 necrophages
  5 naga simulacra
  2 human skeletons (Vaults:1)
  2 entropy weaver simulacra (Spider:4)
  3 scorpions
  11 wights
  An electric eel (Spider:4)
  9 howler monkeys
  15 small abominations
  A lava snake (D:12)
  7 crimson imps (Pan)
  2 quasits
  5 hounds
  A jelly (D:4)
  32 orc priests
  2 centaur skeletons
  5 iguanas
  Ijyb (D:4)
  Terence (D:3)
  4 hell rats (Lair:3)
  34 orc wizards
  4 sleepcaps
  Natasha (thrice) (D:3)
  A polar bear simulacrum (Lair:4)
  29 mummies
  Robin (D:2)
  4 gnolls (Orc:1)
  5 adders
  A shadow imp (Abyss:3)
  3 white imps
  5 ufetubi
  2 worms
  A dart slug (D:5)
  105 orcs
  3 bats
  8 endoplasms
  3 giant cockroaches (D:1)
  18 goblins
  12 hobgoblins
  7 quokkas
  8 ball pythons
  An endoplasm zombie (Crypt:2)
  4 frilled lizards
  17 kobolds
  4 rats
  A river rat skeleton (Crypt:2)
  5 creeping infernos
  5 fire vortices
  A spectral weapon (Depths:1)
  8 starspawn tentacles
  3 tentacles
4570 creatures vanquished.

Vanquished Creatures (collateral kills)
  Ereshkigal (Tar:7)
  A juggernaut (Dis:7)
  10 royal mummies
  2 Tzitzimimeh (Tar:7)
  A bone dragon (Tar:7)
  A hellephant (Geh:7)
  A Brimstone Fiend (Geh:2)
  An Ice Fiend (Pan)
  A titan (Tar:5)
  2 ancient champions (Tomb:3)
  A searing wretch (Geh:6)
  4 fire giants
  3 balrugs
  3 cacodemons (Pan)
  A demonspawn corrupter (Pan)
  6 very ugly things (Pan)
  A draconian annihilator (Pan)
  A bennu (Tomb:3)
  2 putrid mouths (Tar:7)
  A blizzard demon (Hell)
  9 mummy priests
  A deep elf death mage (Vaults:5)
  15 vault guards (Vaults:5)
  A hell beast (Pan)
  37 death scarabs
  14 hell hogs
  A soul eater (Pan)
  7 sun demons (Pan)
  3 large abominations (Pan)
  2 sixfirhies (Pan)
  A shadow wraith (Tar:7)
  3 skeletal warriors (Tomb:3)
  A shadow demon (Pan)
  A moth of wrath (shapeshifter) (Depths:2)
  3 ugly things (Pan)
  A rust devil (Pan)
  5 smoke demons
  7 orange demons (Pan)
  A molten gargoyle (Hell)
  An efreet (Pan)
  12 hellions
  2 tormentors
  2 hellwings (Pan)
  22 guardian mummies
  3 wind drakes (Pan)
  6 flying skulls
  7 ushabtiu
  3 ynoxinuls (Pan)
  A fire bat (Pan)
  9 neqoxecs (Pan)
  A jelly (Pan)
  An iron imp (Abyss:3)
  20 mummies
  A creeping inferno (Geh:2)
  A fire vortex (Geh:2)
249 creatures vanquished.

Vanquished Creatures (others)
  A royal mummy (Tomb:1)
  A caustic shrike (Depths:3)
  2 titans
  2 eldritch tentacles (Pan)
  2 tengu reavers (Crypt:1)
  A storm dragon (Pan)
  8 azure jellies (Coc:7)
  A fire giant (Geh:2)
  A frost giant (Tar:5)
  2 balrugs (Pan)
  2 mummy priests
  An iron golem (Dis:7)
  A green death (Pan)
  2 blizzard demons (Pan)
  An ice dragon (Hell)
  3 great orbs of eyes
  A hell hog (Geh:3)
  12 death scarabs
  5 glowing orange brains
  2 sun demons (Pan)
  A skeletal warrior (Tomb:2)
  3 sixfirhies (Pan)
  A glowing orange brain (shapeshifter) (Depths:4)
  A swamp dragon (shapeshifter) (Vaults:5)
  2 spriggan simulacra (Coc:7)
  3 wizards (Pan)
  3 necromancers (Hell)
  A deep elf pyromancer (Elf:2)
  2 shining eyes (Pan)
  4 smoke demons (Pan)
  A molten gargoyle (Hell)
  An orange demon (Hell)
  A tengu conjurer (Depths:3)
  10 hellions
  2 tormentors
  7 guardian mummies (Tomb:3)
  An iron giant simulacrum (Coc:7)
  2 golden dragon simulacra
  2 hellwings (Pan)
  A blink frog (Abyss:2)
  A wind drake (Pan)
  A shadow dragon simulacrum (Depths:3)
  4 flying skulls
  2 dire elephant simulacra
  4 floating eyes
  2 fire bats (Pan)
  An alligator snapping turtle simulacrum (Coc:3)
  4 neqoxecs (Pan)
  3 chaos spawn (Pan)
  2 harpy simulacra (Coc:7)
  A small abomination (Abyss:3)
  A naga simulacrum (Coc:3)
  A crimson imp (Pan)
  318 jellies
  A quasit (Abyss:3)
  An orc priest (Orc:2)
  An iron imp (D:6)
  An orc wizard (Orc:2)
  8 mummies
  An ufetubus (Abyss:2)
  3 orcs
  6 ball lightnings (Pan)
  5 creeping infernos
  A lurking horror (Abyss:3)
  22 starspawn tentacles
  18 tentacles
513 creatures vanquished.

Grand Total: 5332 creatures vanquished

Notes
Turn   | Place    | Note
-------+----------+-------------------------------------------
     0 | D:1      | wormstring the Felid Shapeshifter began the quest for the
                  | Orb.
     0 | D:1      | Reached XP level 1. HP: 9/9 MP: 2/2
   126 | D:1      | Reached XP level 2. HP: 12/12 MP: 3/3
   322 | D:1      | Found a faded altar of an unknown god.
   416 | D:1      | Reached skill level 1 in Stealth
   524 | D:1      | Reached XP level 3. HP: 15/15 MP: 4/4
   773 | D:2      | Noticed Sigmund
   796 | D:2      | Killed Sigmund
   797 | D:2      | Reached XP level 4. HP: 19/19 MP: 5/5
   797 | D:2      | Reached XP level 5. HP: 22/22 MP: 6/6
  1100 | D:2      | Got the Compilation of Hexing
  1295 | D:3      | Noticed Robin
  1364 | D:3      | Noticed Natasha
  1371 | D:3      | Killed Natasha
  1399 | D:2      | Killed Robin
  1501 | D:3      | Gained mutation: You are covered in thick fur. (AC +2)
                  | [Felid growth]
  1501 | D:3      | Reached XP level 6. HP: 27/27 MP: 7/7
  1524 | D:3      | Noticed Terence
  1533 | D:3      | Killed Terence
  1632 | D:3      | Noticed Natasha
  1638 | D:3      | Killed Natasha
  1696 | D:3      | Found a hazy altar of Hepliaklqana.
  1751 | D:3      | Noticed Natasha
  1757 | D:3      | Killed Natasha
  1803 | D:3      | Found an ancient bone altar of Kikubaaqudgha.
  1853 | D:3      | Found a glowing silver altar of Zin.
  2000 | D:3      | Found a runed translucent door.
  2001 | D:3      | Noticed Crazy Yiuf
  2304 | D:4      | Noticed Pikel
  2738 | D:4      | Noticed Ijyb
  2749 | D:4      | Killed Ijyb
  2765 | D:4      | Reached XP level 7. HP: 16/30 MP: 8/8
  2880 | D:4      | Reached skill level 5 in Unarmed Combat
  3156 | D:4      | Reached skill level 5 in Shapeshifting
  3262 | D:5      | Entered Level 5 of the Dungeon
  3465 | D:5      | Reached skill level 5 in Dodging
  3592 | D:5      | Found an opulent altar of Gozag.
  3633 | D:5      | Found a staircase to the Ecumenical Temple.
  3658 | D:5      | Noticed a troll
  3673 | D:5      | Killed a troll
  4327 | D:5      | Became a worshipper of Gozag Ym Sagoz the Greedy
  4396 | D:6      | Reached XP level 8. HP: 34/34 MP: 9/9
  4447 | D:6      | Reached skill level 5 in Stealth
  5458 | D:7      | Found an iron altar of Okawaru.
  5515 | D:7      | Reached XP level 9. HP: 39/39 MP: 10/10
  5852 | D:8      | Noticed a two-headed ogre
  6258 | D:7      | Found an iron altar of Okawaru.
  6551 | D:8      | Killed a two-headed ogre
  6552 | D:8      | Reached skill level 5 in Fighting
  6610 | D:8      | Found a transporter.
  6612 | D:8      | Noticed randomguy2701's ghost (novice HOFi)
  6714 | D:8      | Found a transporter.
  6724 | D:8      | Noticed a moth of wrath
  6949 | D:8      | Reached XP level 10. HP: 43/45 MP: 11/11
  7068 | D:8      | Found the +5 robe of Night {Dark Will+ SInv}
  7443 | D:9      | Noticed Grum
  7449 | D:9      | Killed Grum
  8127 | D:10     | Entered Level 10 of the Dungeon
  8282 | D:10     | Noticed a two-headed ogre
  8321 | D:10     | Killed a two-headed ogre
  8322 | D:10     | Reached XP level 11. HP: 33/49 MP: 12/12
  8522 | D:10     | Found the amulet of the Air {Inacc Air Fly rElec RMsl}
  8870 | D:10     | Found a hide-covered altar of Uskayaw.
  9009 | D:10     | Reached skill level 10 in Unarmed Combat
  9106 | D:11     | Noticed a boulder beetle
  9213 | D:11     | Found a staircase to the Lair.
  9215 | D:11     | Noticed a deep elf pyromancer
  9215 | D:11     | Noticed a two-headed ogre
  9304 | D:12     | Found a staircase to the Orcish Mines.
  9391 | D:12     | Noticed a two-headed ogre
  9399 | D:12     | Killed a two-headed ogre
  9927 | D:12     | Noticed a white ugly thing
 10295 | D:12     | Reached skill level 10 in Dodging
 10363 | D:13     | Noticed a centaur warrior
 10395 | D:12     | Killed a white ugly thing
 10396 | D:12     | Reached skill level 10 in Stealth
 10402 | Orc:1    | Entered Level 1 of the Orcish Mines
 10406 | Orc:1    | Noticed an orc knight
 10529 | D:11     | Killed a boulder beetle
 10530 | D:11     | Reached skill level 10 in Shapeshifting
 10933 | D:11     | Noticed a two-headed ogre
 10942 | D:11     | Killed a two-headed ogre
 10943 | D:11     | Gained mutation: Your thick and shaggy fur keeps you warm.
                  | (AC +3, rC+) [Felid growth]
 10943 | D:11     | Reached XP level 12. HP: 52/55 MP: 13/13
 11258 | D:11     | Killed a two-headed ogre
 11512 | D:11     | Found a shimmering blue altar of Sif Muna.
 11638 | Lair:1   | Entered Level 1 of the Lair of Beasts
 12354 | Lair:1   | Noticed Nergalle
 12367 | Lair:1   | Killed Nergalle
 12880 | D:9      | Bought a storm talisman for 1364 gold pieces
 13063 | Lair:2   | Noticed a death yak
 13114 | Lair:2   | Found a hole to the Spider Nest.
 13398 | Lair:2   | Found a runed translucent gate.
 13398 | Lair:2   | Found a runed translucent gate.
 13399 | Lair:2   | Found a runed translucent gate.
 13400 | Lair:2   | Noticed Osoi's ghost (journeyman DsFi)
 13400 | Lair:2   | Noticed Etsiony's ghost (novice TrSh)
 13400 | Lair:2   | Noticed Couk's ghost (journeyman MiFi)
 13423 | Lair:2   | Found a staircase to the Shoals.
 13762 | Lair:2   | Noticed a death yak
 13764 | Lair:2   | Noticed a death yak
 13764 | Lair:2   | Noticed a death yak
 13765 | Lair:2   | Noticed a death yak
 13766 | Lair:2   | Noticed a death yak
 13970 | Lair:3   | Noticed an eight-headed hydra
 14027 | Lair:3   | Noticed a five-headed hydra
 14036 | Lair:3   | Killed a five-headed hydra
 15090 | Lair:3   | Killed an eight-headed hydra
 15549 | Lair:4   | Reached XP level 13. HP: 58/58 MP: 14/14
 15603 | Lair:4   | Found a frozen archway.
 16352 | D:9      | Bought the ring "Qyabb" {rElec rC++ MP+9 Str+6 Int+2} for
                  | 1087 gold pieces
 16368 | D:9      | Identified 2 scrolls of acquirement
 16368 | D:9      | Acquired a manual of Unarmed Combat
 16370 | D:9      | Acquired a manual of Shapeshifting
 17094 | Lair:2   | Reached skill level 15 in Shapeshifting
 19386 | Lair:2   | Found a hole to the Spider Nest.
 19663 | Lair:2   | Found a staircase to the Shoals.
 21487 | Lair:5   | Entered Level 5 of the Lair of Beasts
 21584 | Lair:5   | Found a staircase to the Slime Pits.
 21786 | Lair:5   | Noticed a fire dragon
 21801 | Lair:5   | Killed a fire dragon
 21802 | Lair:5   | Reached XP level 14. HP: 44/63 MP: 15/15
 21911 | Lair:5   | Found a gate leading to a gauntlet.
 21966 | Gauntlet | Entered a Gauntlet
 21966 | Gauntlet | Found a transporter.
 21966 | Gauntlet | Found a transporter.
 21979 | Gauntlet | Found a transporter.
 21997 | Gauntlet | Found a transporter.
 21997 | Gauntlet | Found a transporter.
 21999 | Gauntlet | Found a transporter.
 21999 | Gauntlet | Found a transporter.
 22000 | Gauntlet | Found a transporter.
 22007 | Gauntlet | Noticed a quicksilver ooze
 22012 | Gauntlet | Found a transporter.
 22030 | Gauntlet | Found a transporter.
 22037 | Gauntlet | Found a transporter.
 22055 | Gauntlet | Found a transporter.
 22075 | Gauntlet | Found a transporter.
 22088 | Gauntlet | Found a transporter.
 22132 | Gauntlet | Identified the ring "Zauhee" {Str+2 SInv}
 22244 | Gauntlet | Identified the ring of Qeateboi {Fly rPois Will- Str+3
                  | Int+5}
 22266 | Gauntlet | Found the +5 Storm Queen's Shield {shock, Fly rElec}
 23546 | Orc:1    | Noticed an orc warlord
 23577 | Orc:1    | Killed an orc warlord
 23839 | Orc:1    | Noticed Erolcha
 23846 | Orc:1    | Killed Erolcha
 23846 | Orc:1    | Found Lopp's Assorted Antiques.
 23909 | Orc:1    | Bought a scroll labelled ZAIH QOJAYRRE for 38 gold pieces
 23909 | Orc:1    | Bought a cyan potion for 34 gold pieces
 23909 | Orc:1    | Bought a scroll of identify for 76 gold pieces
 23909 | Orc:1    | Bought a scroll of identify for 76 gold pieces
 23909 | Orc:1    | Bought a scroll of teleportation for 114 gold pieces
 24184 | Orc:2    | Entered Level 2 of the Orcish Mines
 25065 | Orc:2    | Found a staircase to the Elven Halls.
 25203 | Orc:2    | Noticed Saint Roka
 25282 | Orc:1    | Acquired a manual of Evocations
 25454 | Orc:2    | Reached XP level 15. HP: 64/66 MP: 16/16
 25587 | Orc:2    | Found Lem Okere's Jewellery Emporium.
 25606 | Orc:2    | Found Enuv's Weapon Shoppe.
 25746 | Orc:2    | Killed Saint Roka
 25920 | Orc:2    | Found Guvikuor's General Store.
 26001 | Orc:2    | Found Egoirakhlece's Weapon Emporium.
 26117 | Orc:2    | Bought a small emerald ring for 120 gold pieces
 26768 | D:13     | Identified the +1 pair of boots "Cinabitz" {+Blink Fly
                  | Dex+2}
 26966 | D:14     | Found a gate to the Vaults.
 27718 | D:15     | Entered Level 15 of the Dungeon
 28012 | D:15     | Found an ornate altar of the Wu Jian Council.
 28167 | D:15     | Found a sparkling altar of Nemelex Xobeh.
 28651 | D:15     | Found a staircase to the Depths.
 28815 | D:15     | Identified the +0 mace of Invincibility {holy, rElec rPois
                  | rF-}
 29034 | Spider:1 | Entered Level 1 of the Spider Nest
 29258 | Spider:1 | Reached XP level 16. HP: 72/72 MP: 17/17
 29353 | Spider:1 | Reached skill level 15 in Unarmed Combat
 29957 | Spider:1 | Noticed Frances
 29967 | Spider:1 | Killed Frances
 30125 | Spider:1 | Reached XP level 17. HP: 76/76 MP: 18/18
 30200 | Spider:2 | Reached skill level 10 in Fighting
 32148 | Spider:4 | Entered Level 4 of the Spider Nest
 32188 | Spider:4 | Reached XP level 18. HP: 82/82 MP: 19/19
 32329 | Spider:4 | Found a transporter.
 32332 | Spider:4 | Noticed Bihodil's ghost (journeyman DgDe)
 32346 | Spider:4 | Reached skill level 15 in Stealth
 32734 | Spider:4 | Found a transporter.
 33434 | Spider:4 | Reached skill level 15 in Dodging
 33849 | Spider:4 | Got a gossamer rune of Zot
 33897 | Spider:4 | Killed Bihodil's ghost
 34160 | Orc:1    | Bought the ring "Gariphais" {Contam Fly rF+ rC+ Slay+3} for
                  | 682 gold pieces
 34160 | Orc:1    | Bought a talisman of death for 1705 gold pieces
 34215 | Orc:2    | Bought a phantom mirror for 960 gold pieces
 34369 | Shoals:1 | Entered Level 1 of the Shoals
 34523 | Shoals:1 | Found a runed translucent door.
 34877 | Shoals:1 | Noticed Aizul
 34887 | Shoals:1 | Killed Aizul
 37214 | Shoals:4 | Entered Level 4 of the Shoals
 37214 | Shoals:4 | Found a basalt altar of Yredelemnul.
 37231 | Shoals:4 | Reached XP level 19. HP: 53/88 MP: 18/20
 37324 | Shoals:4 | Identified the +0 plate armour "Kieba" {rN+ Regen+}
 37932 | Shoals:4 | Got a barnacled rune of Zot
 38349 | Shoals:4 | Found a stormy altar of Qazlal.
 39134 | Vaults:1 | Entered Level 1 of the Vaults
 39210 | Vaults:1 | Noticed Nikola
 39466 | Vaults:1 | Killed Nikola
 39992 | Vaults:1 | Found a portal to a secret trove of treasure.
 40257 | Vaults:1 | Identified the +9 whip of Vuxue {freeze, rPois Dex+4}
 41090 | Vaults:1 | Reached XP level 20. HP: 94/94 MP: 21/21
 41423 | Vaults:2 | Reached skill level 1 in Evocations
 41850 | Vaults:2 | Found a crumbling gateway.
 41857 | Desolati | Entered the Desolation of Salt
 41907 | Desolati | Reached skill level 5 in Evocations
 42147 | Desolati | Found the +1 robe of Vines {NoPotionHeal Regen++++}
 42345 | Desolati | Identified the +0 chain mail "Qerpha" {rC+ Int+2}
 42346 | Desolati | Identified the ring of Foolhardiness {Fly Will- MP+9 Int+4}
 42538 | Desolati | Got Omiupi's Folio of Flames
 42549 | Desolati | Identified the +10 shortbow "Soc Memuok" {speed, rF+}
 42556 | Desolati | Identified the ring of the Original Sin {rElec rF- rC+++
                  | rCorr Stlth-}
 43324 | Vaults:3 | Reached skill level 15 in Fighting
 43554 | Vaults:3 | Found Quuk's Weapon Shop.
 43566 | Vaults:3 | Learned a level 2 spell: Passwall
 43572 | Vaults:3 | Bought the ring "Soyxt" {Contam rElec rCorr Str+2 Dex+6}
                  | for 632 gold pieces
 43632 | Vaults:3 | Found a staircase to the Crypt.
 43720 | Vaults:3 | Reached XP level 21. HP: 80/100 MP: 22/22
 43865 | Vaults:3 | Reached skill level 10 in Evocations
 44177 | Vaults:3 | Found Ziredaoss's Armour Boutique.
 44258 | Vaults:4 | Found Fity's Jewellery Boutique.
 44335 | Vaults:4 | Found a magical portal.
 44340 | WizLab   | Entered The Hall of the Hellbinder
 44831 | WizLab   | Noticed Dotuvi
 44837 | WizLab   | Killed Dotuvi the Hellbinder
 44846 | WizLab   | Found a burning altar of Makhleb.
 44960 | WizLab   | Identified the ring of Midwinter {rN+ Int+3}
 44983 | WizLab   | Got Mnoleg's Teachings on the Flock
 45135 | Vaults:4 | Found Wierch Hule's Magic Scroll Shop.
 45779 | Vaults:4 | Found Vyboinlu's Antique Weapon Shop.
 46441 | Lair:5   | Bought Maxwell's Memoranda for 722 gold pieces
 46445 | Lair:5   | Learned a level 3 spell: Vhi's Electric Charge
 46448 | Lair:5   | Acquired 1066 gold pieces
 46687 | Elf:1    | Entered Level 1 of the Elven Halls
 46880 | Elf:1    | Noticed Roxanne
 46884 | Elf:1    | Killed Roxanne
 47141 | Elf:1    | Found a runed translucent gate.
 47141 | Elf:1    | Found a runed translucent gate.
 47141 | Elf:1    | Found a runed translucent gate.
 47141 | Elf:1    | Found a runed translucent gate.
 47141 | Elf:1    | Found a runed translucent gate.
 47154 | Elf:1    | Found a runed translucent gate.
 47182 | Elf:1    | Got Poiross's Quarto of Fulgurous Hypothermia
 47822 | Elf:2    | Found a runed translucent gate.
 47822 | Elf:2    | Found a runed translucent gate.
 47822 | Elf:2    | Found a runed translucent gate.
 48361 | Elf:2    | Found Xaneh's Jewellery Shop.
 48475 | Elf:2    | Reached skill level 15 in Evocations
 48506 | Elf:2    | Reached XP level 22. HP: 73/108 MP: 23/23
 48952 | Elf:2    | Acquired a manual of Stealth
 48954 | Elf:2    | Acquired a manual of Hexes
 48956 | Elf:2    | Acquired 1244 gold pieces
 48958 | Elf:2    | Acquired a manual of Evocations
 48963 | Elf:2    | Bought a book of Cantrips for 156 gold pieces
 48965 | Elf:2    | Learned a level 1 spell: Apportation
 48991 | Elf:3    | Entered Level 3 of the Elven Halls
 49067 | Elf:3    | Found Wiuqirre's Assorted Antiques.
 49726 | Elf:3    | Identified the +0 plate armour of Submission {Contam rElec
                  | rPois MP+9}
 49731 | Elf:3    | Identified the staff "Trog's Anger" {rPois rC+ MP+9 Ice}
 49937 | Elf:3    | Identified the +11 war axe of the Arena {flame, Contam Fly
                  | rN+ Will++}
 50028 | Elf:3    | Identified the +3 shortbow "Cilebe" {flame, *Slow Str+7
                  | Dex+2 SInv}
 50045 | Elf:3    | Identified the +5 long sword "Omeeq" {protect, rPois Will++
                  | Dex+2 Stlth-}
 50056 | Elf:3    | Identified the +0 chain mail "Abube" {Dex+6}
 50738 | Slime:1  | Entered Level 1 of the Pits of Slime
 52809 | Slime:5  | Entered Level 5 of the Pits of Slime
 52898 | Slime:5  | Found a viscous altar of Jiyva.
 52898 | Slime:5  | Noticed the Royal Jelly
 52905 | Slime:5  | Fell from the grace of Gozag
 52905 | Slime:5  | Became a worshipper of Jiyva Jenecwai the Shapeless
 53381 | Crypt:1  | Entered Level 1 of the Crypt
 53394 | Crypt:1  | Noticed Sojobo
 53413 | Crypt:1  | Killed Sojobo
 53429 | Crypt:1  | Reached XP level 23. HP: 108/116 MP: 24/24
 53456 | Crypt:1  | Found an ancient bone altar of Kikubaaqudgha.
 53471 | Crypt:1  | Noticed Jory
 53486 | Crypt:1  | Killed Jory
 53717 | Crypt:1  | Noticed Xtahua
 53723 | Crypt:1  | Killed Xtahua
 54093 | Crypt:1  | Found a basalt altar of Yredelemnul.
 54117 | Crypt:1  | Reached * piety under Jiyva
 54552 | Crypt:2  | Reached ** piety under Jiyva
 54848 | Crypt:2  | Noticed Donald
 54854 | Crypt:2  | Killed Donald
 54890 | Crypt:2  | Reached *** piety under Jiyva
 55122 | Crypt:2  | Gained mutation: You are strong-willed. (Will+) [Jiyva's
                  | grace]
 55122 | Crypt:2  | Gained mutation: You are highly strong-willed. (Will++)
                  | [Jiyva's grace]
 55122 | Crypt:2  | Gained mutation: You are extremely strong-willed. (Will+++)
                  | [Jiyva's grace]
 55122 | Crypt:2  | Gained mutation: Your muscles are strong. (Str +4, Int/Dex
                  | -1) [Jiyva's grace]
 55222 | Crypt:2  | Acquired 737 gold pieces
 55251 | Crypt:3  | Entered Level 3 of the Crypt
 55269 | Crypt:3  | Noticed Margery
 55280 | Crypt:3  | Killed Margery
 55522 | Crypt:3  | Reached skill level 1 in Hexes
 55550 | Crypt:3  | Reached skill level 1 in Translocations
 55561 | Crypt:3  | Reached skill level 1 in Spellcasting
 55603 | Crypt:3  | Found a staircase to the Tomb.
 55603 | Crypt:3  | Found the +13 scythe of Curses {drain, curses, Drain}
 55647 | Crypt:3  | Noticed Zenata
 55665 | Crypt:3  | Killed Zenata
 55666 | Crypt:3  | Reached skill level 5 in Hexes
 55843 | Crypt:3  | Noticed a dread lich
 55845 | Crypt:3  | Reached skill level 5 in Translocations
 55853 | Crypt:3  | Killed a dread lich
 55915 | Crypt:3  | Found a basalt altar of Yredelemnul.
 55931 | Crypt:3  | Identified the ring of Yzxacvox {rElec rN+ Int+2}
 55931 | Crypt:3  | Identified the ring "Favvish" {rN+ Will+ Int+2}
 55931 | Crypt:3  | Identified the ring of Wihicel {rN+ Will+ rCorr Str-4}
 55964 | Crypt:3  | Reached **** piety under Jiyva
 56321 | Tomb:1   | Entered Level 1 of the Tomb of the Ancients
 56457 | Tomb:1   | Reached skill level 10 in Hexes
 56465 | Tomb:1   | HP: 4/120 [ushabti/dispel undead (18)]
 56496 | Tomb:1   | Slain by a death scarab
 56497 | Tomb:1   | Reached XP level 22. HP: -3/116 MP: 0/38
 56587 | Tomb:1   | Reached XP level 23. HP: 118/118 MP: 30/30
 56792 | Tomb:1   | Reached skill level 5 in Spellcasting
 56925 | Tomb:1   | Noticed a royal mummy
 56935 | Tomb:1   | Killed a royal mummy
 57438 | Depths:1 | Entered Level 1 of the Depths
 57631 | Depths:1 | Found a gateway to Hell.
 57671 | Depths:1 | Reached skill level 10 in Translocations
 57684 | Depths:1 | Noticed the Enchantress
 57704 | Depths:1 | Noticed Asterion
 57778 | Depths:1 | Killed the Enchantress
 57786 | Depths:1 | Killed Asterion
 57851 | Depths:1 | Reached ***** piety under Jiyva
 57956 | Depths:1 | Found a runed translucent door.
 57964 | Depths:1 | Noticed a caustic shrike
 57966 | Depths:1 | Noticed an ancient lich
 57967 | Depths:1 | Noticed Xeyjeo's ghost (veteran MfMo)
 57970 | Depths:1 | Found a runed translucent door.
 58047 | Depths:1 | Reached skill level 15 in Hexes
 58280 | Depths:1 | Found a sacrificial altar of Ru.
 58573 | Depths:1 | Killed a caustic shrike
 58794 | Depths:1 | Identified the ring "Cisegag" {rPois rF- MP+9 Int+3}
 58893 | Depths:2 | Found a one-way gate to the infinite horrors of the Abyss.
 59044 | Depths:2 | Gained mutation: Your spells are a little harder to cast,
                  | but a little more powerful. [Jiyva's grace]
 59044 | Depths:2 | Gained mutation: Your spells are harder to cast, but more
                  | powerful. [Jiyva's grace]
 59044 | Depths:2 | Gained mutation: Your spells are much harder to cast, but
                  | much more powerful. [Jiyva's grace]
 59044 | Depths:2 | Gained mutation: You passively dampen the noise of your
                  | surroundings. [Jiyva's grace]
 59052 | Depths:2 | Was forgiven by Gozag
 59176 | Depths:2 | Identified the ring "Diass" {rC+ Str+2}
 59184 | Depths:2 | Found a sparkling altar of Nemelex Xobeh.
 59254 | Depths:2 | Identified the ring of Okawaru's Grace {Wiz Stlth+}
 59282 | Depths:2 | Found a one-way gate leading to the halls of Pandemonium.
 59282 | Depths:2 | Found a transporter.
 59352 | Depths:2 | Reached XP level 24. HP: 117/124 MP: 36/36
 59358 | Depths:2 | Identified the ring "Cokuud" {Ice rCorr Str-4 Dex+3 SInv}
 59404 | Depths:2 | Found a transporter.
 59513 | Depths:2 | Learned a level 4 spell: Passage of Golubria
 59521 | Depths:2 | Learned a level 7 spell: Enfeeble
 59528 | Depths:2 | Learned a level 6 spell: Dispersal
 59532 | Depths:2 | Learned a level 3 spell: Swiftness
 59637 | Depths:3 | Identified the ring of Wonder {Ice rN+ Str-3 SInv}
 59637 | Depths:3 | Noticed Josephina
 59639 | Depths:3 | Noticed Mara
 59651 | Depths:3 | Killed Josephina
 59659 | Depths:3 | Killed Mara
 59789 | Depths:3 | Found a one-way gateway to a ziggurat.
 60003 | Depths:3 | Noticed Louise
 60013 | Depths:3 | Killed Louise
 60047 | Depths:3 | Reached skill level 10 in Spellcasting
 60055 | Depths:3 | Reached skill level 15 in Translocations
 60408 | Depths:4 | Entered Level 4 of the Depths
 60514 | Depths:4 | Found a gate to the Realm of Zot.
 60689 | Depths:4 | Reached ****** piety under Jiyva
 60763 | Depths:4 | Lost mutation: You are extremely strong-willed. (Will+++)
                  | [Jiyva's grace]
 60763 | Depths:4 | Lost mutation: You are highly strong-willed. (Will++)
                  | [Jiyva's grace]
 60763 | Depths:4 | Lost mutation: Your spells are much harder to cast, but
                  | much more powerful. [Jiyva's grace]
 60763 | Depths:4 | Lost mutation: Your spells are harder to cast, but more
                  | powerful. [Jiyva's grace]
 60763 | Depths:4 | Lost mutation: You passively dampen the noise of your
                  | surroundings. [Jiyva's grace]
 60763 | Depths:4 | Gained mutation: You passively map a small area around you.
                  | [Jiyva's grace]
 60763 | Depths:4 | Gained mutation: You passively map the area around you.
                  | [Jiyva's grace]
 60763 | Depths:4 | Gained mutation: You passively map a large area around you.
                  | [Jiyva's grace]
 60763 | Depths:4 | Gained mutation: You possess an exceptional clarity of
                  | mind. [Jiyva's grace]
 61263 | Depths:4 | Found a transporter.
 61263 | Depths:4 | Found Impa's Jewellery Boutique.
 61297 | Depths:4 | Found a transporter.
 61685 | Depths:4 | Found a gate to the Realm of Zot.
 61804 | Depths:4 | Found a transporter.
 61843 | Depths:4 | Found Impa's Jewellery Boutique.
 61863 | Depths:4 | Found a transporter.
 62850 | Slime:5  | Identified the amulet "Rigahag" {Acrobat Str+5}
 62863 | Slime:5  | Identified the +0 ring mail of Makhleb's Inspiration {*Slow
                  | rN++ Str+4 Int+3}
 62867 | Slime:5  | Got a slimy rune of Zot
 63425 | Slime:5  | Learned a level 8 spell: Discord
 63911 | Zot:1    | Entered Level 1 of the Realm of Zot
 64186 | Zot:1    | Reached XP level 25. HP: 69/128 MP: 29/40
 64588 | Zot:1    | Noticed a shard shrike
 64599 | Zot:1    | Killed a shard shrike
 65170 | Zot:2    | Lost mutation: You passively map a large area around you.
                  | [Jiyva's grace]
 65170 | Zot:2    | Gained mutation: Your translucent skin slightly reduces
                  | your foes' accuracy. (Stealth+) [Jiyva's grace]
 65170 | Zot:2    | Gained mutation: Your translucent skin reduces your foes'
                  | accuracy. (Stealth+) [Jiyva's grace]
 65170 | Zot:2    | Gained mutation: Your transparent skin significantly
                  | reduces your foes' accuracy. (Stealth+) [Jiyva's grace]
 65170 | Zot:2    | Gained mutation: You have a pair of small antennae on your
                  | head. [Jiyva's grace]
 65531 | Zot:3    | Noticed a Killer Klown
 65550 | Zot:3    | Killed a Killer Klown
 66220 | Zot:4    | Noticed Vv
 66224 | Zot:4    | Killed Vv
 66714 | Zot:5    | Entered Level 5 of the Realm of Zot
 66792 | Zot:5    | Found a large runed translucent door.
 66792 | Zot:5    | Found a large runed translucent door.
 67661 | D:4      | Killed Pikel
 67853 | D:8      | Killed randomguy2701's ghost
 67859 | D:8      | Reached skill level 15 in Spellcasting
 68002 | Lair:2   | Killed Couk's ghost
 68005 | Lair:2   | Killed Osoi's ghost
 68006 | Lair:2   | Killed Etsiony's ghost
 68424 | Depths:3 | Voluntarily entered the Abyss.
 68427 | Abyss:1  | Lost mutation: You have a pair of small antennae on your
                  | head. [Jiyva's grace]
 68427 | Abyss:1  | Lost mutation: You possess an exceptional clarity of mind.
                  | [Jiyva's grace]
 68427 | Abyss:1  | Lost mutation: You are strong-willed. (Will+) [Jiyva's
                  | grace]
 68427 | Abyss:1  | Lost mutation: Your spells are a little harder to cast, but
                  | a little more powerful. [Jiyva's grace]
 68427 | Abyss:1  | Lost mutation: Your transparent skin significantly reduces
                  | your foes' accuracy. (Stealth+) [Jiyva's grace]
 68427 | Abyss:1  | Gained mutation: You are robust. (+10% HP) [Jiyva's grace]
 68427 | Abyss:1  | Gained mutation: You are very robust. (+20% HP) [Jiyva's
                  | grace]
 68427 | Abyss:1  | Gained mutation: You are extremely robust. (+30% HP)
                  | [Jiyva's grace]
 68427 | Abyss:1  | Gained mutation: Your body has grown eyes which may confuse
                  | attackers. (Acc +3) [Jiyva's grace]
 68454 | Abyss:1  | Found a corrupted altar of Lugonu.
 68493 | Abyss:1  | Found a corrupted altar of Lugonu.
 68612 | Abyss:1  | Lost mutation: Your translucent skin reduces your foes'
                  | accuracy. (Stealth+) [potion of mutation]
 68612 | Abyss:1  | Lost mutation: Your body has grown eyes which may confuse
                  | attackers. (Acc +3) [potion of mutation]
 68612 | Abyss:1  | Gained mutation: You have a pair of small horns on your
                  | head. [potion of mutation]
 68612 | Abyss:1  | Lost mutation: Your muscles are strong. (Str +4, Int/Dex
                  | -1) [potion of mutation]
 68612 | Abyss:1  | Gained mutation: Your mind is acute. (Int +4, Str/Dex -1)
                  | [potion of mutation]
 68692 | Abyss:2  | Found a corrupted altar of Lugonu.
 69179 | Abyss:2  | Found a corrupted altar of Lugonu.
 69231 | Abyss:2  | Identified the +0 chain mail of Indecent Exposure {rC+}
 69300 | Abyss:2  | Reached XP level 26. HP: 172/172 MP: 40/40
 69384 | Abyss:2  | Found a corrupted altar of Lugonu.
 69415 | Abyss:2  | Lost mutation: You passively map the area around you.
                  | [Jiyva's grace]
 69415 | Abyss:2  | Lost mutation: You are extremely robust. (+30% HP) [Jiyva's
                  | grace]
 69415 | Abyss:2  | Gained mutation: Armour fits poorly on your pseudopods.
                  | [Jiyva's grace]
 69415 | Abyss:2  | Gained mutation: Armour fits poorly on your large
                  | pseudopods. [Jiyva's grace]
 69415 | Abyss:2  | Gained mutation: Armour fits poorly on your massive
                  | pseudopods. [Jiyva's grace]
 69415 | Abyss:2  | Gained mutation: Your rubbery body absorbs attacks. (AC +1,
                  | EV +1) [Jiyva's grace]
 69827 | Abyss:3  | Got an abyssal rune of Zot
 70110 | Depths:3 | Escaped the Abyss
 70137 | Pan      | Entered Pandemonium
 70137 | Pan      | Found an exit through the horrors of the Abyss.
 70143 | Pan      | Took an exit into the Abyss.
 70143 | Abyss:3  | Escaped into the Abyss
 70152 | Depths:2 | Escaped the Abyss
 70436 | Vaults:5 | Entered Level 5 of the Vaults
 70579 | Vaults:5 | Noticed a dread lich
 70604 | Vaults:5 | Killed a dread lich
 70657 | Vaults:5 | Got the Vellum of Deathly Ignition
 70659 | Vaults:5 | Got a silver rune of Zot
 70778 | Vaults:5 | Noticed an ancient lich
 70790 | Vaults:5 | Killed an ancient lich
 70944 | Vaults:5 | Identified the ring of Teneyruy {Wiz rPois rF- Str+4}
 71304 | Vaults:5 | Reached XP level 27. HP: 164/164 MP: 45/45
 71392 | Vaults:5 | Got Sif Muna's Vellum of Dynamic Incandescence
 71403 | Vaults:5 | Identified the +1 rapier "Buikhech" {freeze, Int+4}
 71575 | Vaults:5 | Lost mutation: Armour fits poorly on your massive
                  | pseudopods. [Jiyva's grace]
 71575 | Vaults:5 | Gained mutation: Your spells are a little harder to cast,
                  | but a little more powerful. [Jiyva's grace]
 71575 | Vaults:5 | Gained mutation: Your spells are harder to cast, but more
                  | powerful. [Jiyva's grace]
 71575 | Vaults:5 | Gained mutation: Your spells are much harder to cast, but
                  | much more powerful. [Jiyva's grace]
 71575 | Vaults:5 | Gained mutation: Your translucent skin reduces your foes'
                  | accuracy. (Stealth+) [Jiyva's grace]
 71695 | Vaults:5 | Identified the +0 scale mail of the Monk {Int+2 Dex+3}
 72049 | Pan      | Entered Pandemonium
 72174 | Pan      | Identified the ring of Mudul {Str+4 Int+4 SInv}
 72178 | Pan      | Found a transporter.
 72747 | Pan      | Found a transporter.
 73205 | Pan      | Found an exit through the horrors of the Abyss.
 73246 | Pan      | Found a burning altar of Makhleb.
 73270 | Pan      | Gained mutation: Your magical capacity is low. (-10% MP) [a
                  | cacodemon]
 73281 | Pan      | Noticed Goru the pandemonium lord
 73297 | Pan      | Killed Goru the pandemonium lord
 73427 | Pan      | Gained mutation: You do not regenerate when monsters are
                  | visible. [a cacodemon]
 73434 | Pan      | Lost mutation: Your magical capacity is low. (-10% MP)
                  | [potion of mutation]
 73434 | Pan      | Lost mutation: Your spells are much harder to cast, but
                  | much more powerful. [potion of mutation]
 73434 | Pan      | Lost mutation: You do not regenerate when monsters are
                  | visible. [potion of mutation]
 73434 | Pan      | Gained mutation: You have hidden genetic potential. [potion
                  | of mutation]
 73434 | Pan      | Gained mutation: Your spells are much harder to cast, but
                  | much more powerful. [potion of mutation]
 73849 | Pan      | Lost mutation: You are very robust. (+20% HP) [Jiyva's
                  | grace]
 73849 | Pan      | Lost mutation: You are robust. (+10% HP) [Jiyva's grace]
 73849 | Pan      | Gained mutation: You have a pair of horns on your head.
                  | [Jiyva's grace]
 73849 | Pan      | Gained mutation: You have a pair of large horns on your
                  | head. [Jiyva's grace]
 73849 | Pan      | Gained mutation: Your system is resistant to poisons.
                  | (rPois) [Jiyva's grace]
 73849 | Pan      | Gained mutation: You are agile. (Dex +4, Str/Int -1)
                  | [Jiyva's grace]
 73855 | Pan      | Noticed Atokushrei the pandemonium lord
 73873 | Pan      | Killed Atokushrei the pandemonium lord
 74600 | Pan      | Noticed Sikuiwoo the pandemonium lord
 74616 | Pan      | Killed Sikuiwoo the pandemonium lord
 75376 | Pan      | Identified the +1 quarterstaff "Domp" {holy, rPois rC+}
 75584 | Pan      | Noticed Mennas
 75766 | Pan      | Noticed Muuxowk the pandemonium lord
 75800 | Pan      | Killed Muuxowk the pandemonium lord
 76156 | Pan      | HP: 3/138 [Mennas/+1 trishula of holy wrath (5)]
 76156 | Pan      | Mangled by Mennas
 76372 | Pan      | Killed Mennas
 76654 | Pan      | Noticed Diza the pandemonium lord
 76855 | Pan      | Killed Diza the pandemonium lord
 78082 | Pan      | Noticed Nottoss the pandemonium lord
 78084 | Pan      | Killed Nottoss the pandemonium lord
 78403 | Pan      | Entered the realm of Gloorx Vloq.
 78449 | Pan      | Lost mutation: You have a pair of large horns on your head.
                  | [Jiyva's grace]
 78449 | Pan      | Lost mutation: Your system is resistant to poisons. (rPois)
                  | [Jiyva's grace]
 78449 | Pan      | Lost mutation: Your spells are much harder to cast, but
                  | much more powerful. [Jiyva's grace]
 78449 | Pan      | Lost mutation: Your rubbery body absorbs attacks. (AC +1,
                  | EV +1) [Jiyva's grace]
 78449 | Pan      | Lost mutation: Armour fits poorly on your large pseudopods.
                  | [Jiyva's grace]
 78449 | Pan      | Lost mutation: Your translucent skin reduces your foes'
                  | accuracy. (Stealth+) [Jiyva's grace]
 78449 | Pan      | Lost mutation: Your translucent skin slightly reduces your
                  | foes' accuracy. (Stealth+) [Jiyva's grace]
 78449 | Pan      | Lost mutation: You have hidden genetic potential. [Jiyva's
                  | grace]
 78449 | Pan      | Gained mutation: Your mind is very acute. (Int +8, Str/Dex
                  | -2) [Jiyva's grace]
 78449 | Pan      | Gained mutation: Your muscles are strong. (Str +4, Int/Dex
                  | -1) [Jiyva's grace]
 78449 | Pan      | Gained mutation: Your muscles are very strong. (Str +8,
                  | Int/Dex -2) [Jiyva's grace]
 78449 | Pan      | Gained mutation: Your rubbery body absorbs attacks. (AC +1,
                  | EV +1) [Jiyva's grace]
 78856 | Pan      | Noticed Gloorx Vloq
 78864 | Pan      | Killed Gloorx Vloq
 78927 | Pan      | Got a dark rune of Zot
 79266 | Pan      | Identified the +3 leather armour of the Present {Str+4
                  | Dex+2}
 79711 | Pan      | Found a runed translucent door.
 80083 | Pan      | Noticed Hiplasm the pandemonium lord
 80093 | Pan      | Killed Hiplasm the pandemonium lord
 80101 | Pan      | Entered the realm of Lom Lobon.
 80522 | Pan      | Noticed Lom Lobon
 81420 | Pan      | Killed Lom Lobon
 81501 | Pan      | Got a magical rune of Zot
 82087 | Pan      | Noticed Wuconook the pandemonium lord
 82253 | Pan      | Killed Wuconook the pandemonium lord
 82538 | Pan      | Entered the realm of Mnoleg.
 82710 | Pan      | Noticed Mnoleg
 82843 | Pan      | Killed Mnoleg
 83450 | Pan      | Got a glowing rune of Zot
 83518 | Pan      | Entered the realm of Cerebov.
 83669 | Pan      | Acquired a book of Chaos
 83680 | Pan      | Learned a level 8 spell: Disjunction
 84142 | Pan      | Found the +6 sword of Cerebov {flame}
 84142 | Pan      | Noticed Cerebov
 84263 | Pan      | Identified the +5 rapier of the Stork {vamp, rF+++ rC+
                  | Will- Str+4}
 84419 | Pan      | Identified the +1 long sword of Raajabe {pain, Will+ Int-3
                  | Dex+4 Stlth+}
 84516 | Pan      | Got the Guide on Thunder
 84696 | Pan      | Killed Cerebov
 84783 | Pan      | Got a fiery rune of Zot
 84859 | Pan      | Identified the ring of the Middle {Will+ rCorr Str+2 Int+3}
                  | (You took it off an efreet in Pandemonium)
 85236 | Pan      | Noticed Wuecw the pandemonium lord
 85416 | Pan      | Killed Wuecw the pandemonium lord
 86096 | Pan      | Identified the +4 ring mail "Pymyge" {rPois Int+4}
 86180 | Pan      | Identified the ring of Roqopseu {rPois rN+ EV+5 SInv}
 86880 | Pan      | Found an exit through the horrors of the Abyss.
 86891 | Pan      | Noticed Kifio the pandemonium lord
 86900 | Pan      | Killed Kifio the pandemonium lord
 87421 | Pan      | Identified the ring "Zihax" {rElec rPois rN+ MP-9 SInv}
 87470 | Pan      | Noticed Carphit the pandemonium lord
 87493 | Pan      | Killed Carphit the pandemonium lord
 87736 | Pan      | Found an exit through the horrors of the Abyss.
 88298 | Pan      | Identified the +7 sling of Kerrita {drain, rElec SInv}
 88309 | Pan      | Noticed Piclimy the pandemonium lord
 88398 | Pan      | Killed Piclimy the pandemonium lord
 88419 | Pan      | Got a demonic rune of Zot
 88501 | Pan      | Found an exit through the horrors of the Abyss.
 88562 | Pan      | Took an exit into the Abyss.
 88562 | Abyss:3  | Escaped into the Abyss
 88565 | Depths:2 | Escaped the Abyss
 88627 | Hell     | Entered the Vestibule of Hell
 88627 | Hell     | Noticed Geryon
 88668 | Hell     | Killed Geryon
 88863 | Hell     | Found a gateway to the Iron City of Dis.
 88980 | Hell     | Found a gateway to the ashen valley of Gehenna.
 89111 | Hell     | Found a gateway to the decaying netherworld of Tartarus.
 89175 | Hell     | Found a gateway to the freezing wastes of Cocytus.
 89312 | Tar:1    | Entered Level 1 of Tartarus
 89479 | Tar:1    | You are sucked into a shaft and drop 1 floor!
 90117 | Tar:4    | Noticed a dread lich
 90120 | Tar:4    | Killed a dread lich
 90388 | Tar:5    | Noticed a juggernaut
 90394 | Tar:5    | Killed a juggernaut
 90406 | Tar:5    | Noticed a juggernaut
 90426 | Tar:5    | Killed a juggernaut
 90540 | Tar:5    | Noticed a juggernaut
 90547 | Tar:5    | Killed a juggernaut
 91020 | Tar:7    | Entered Level 7 of Tartarus
 91448 | Tar:7    | Reached skill level 27 in Stealth
 91655 | Tar:7    | Noticed Ereshkigal
 91675 | Tar:7    | Killed Ereshkigal
 91726 | Tar:7    | Got a bone rune of Zot
 92062 | Tar:7    | Identified the staff "Qera" {rElec rPois Air}
 92073 | Tar:7    | Identified the staff "Dodud" {*Slow rPois Dex+9 Stlth+
                  | Poison}
 92203 | Tar:7    | Identified the +11 mace "Zimelou" {flame, *Rage rPois rN+++
                  | Int-3}
 92204 | Tar:7    | Identified the +1 halberd of the World {protect, rCorr
                  | Int+3 Stlth+}
 92237 | Tar:7    | Identified the ring "Ogenack" {rF+ rC+ rN+ Slay-5 Stlth+}
 92240 | Tar:7    | Identified the +5 giant club of the Known World {flame, rC+
                  | rCorr}
 92550 | Zot:5    | Noticed LustLizard's ghost (veteran DEFE)
 92716 | Zot:5    | Noticed an ancient lich
 92720 | Zot:5    | Killed an ancient lich
 92766 | Zot:5    | Noticed an orb of fire
 92785 | Zot:5    | Killed an orb of fire
 92975 | Zot:5    | Noticed an orb of fire
 93014 | Zot:5    | Killed an orb of fire
 93120 | Zot:5    | Noticed an ancient lich
 93127 | Zot:5    | Killed an ancient lich
 93577 | Zot:5    | Killed LustLizard's ghost
 94273 | Depths:1 | Found a sacrificial altar of Ru.
 94495 | Depths:1 | Killed an ancient lich
 94807 | Depths:1 | Killed Xeyjeo's ghost
 95675 | Tomb:2   | Noticed a royal mummy
 95675 | Tomb:2   | Noticed a royal mummy
 95675 | Tomb:2   | Noticed a royal mummy
 95677 | Tomb:2   | Noticed a royal mummy
 95683 | Tomb:2   | Killed a royal mummy
 95684 | Tomb:2   | Killed a royal mummy
 95689 | Tomb:2   | Killed a royal mummy
 95836 | Tomb:2   | Killed a royal mummy
 96169 | Tomb:1   | Noticed a royal mummy
 96172 | Tomb:1   | Noticed a royal mummy
 96180 | Tomb:1   | Noticed a royal mummy
 96182 | Tomb:1   | Noticed a royal mummy
 96182 | Tomb:1   | Noticed a royal mummy
 96182 | Tomb:1   | Noticed a royal mummy
 96193 | Tomb:1   | Killed a royal mummy
 96194 | Tomb:1   | Reached skill level 27 in Translocations
 96196 | Tomb:1   | Noticed a royal mummy
 96197 | Tomb:1   | Killed a royal mummy
 96197 | Tomb:1   | Killed a royal mummy
 96199 | Tomb:1   | Reached skill level 27 in Hexes
 96199 | Tomb:1   | Killed a royal mummy
 96209 | Tomb:1   | Killed a royal mummy
 96215 | Tomb:1   | Killed a royal mummy
 96218 | Tomb:1   | HP: 5/146 [royal mummy (24)]
 96371 | Tomb:1   | Noticed a royal mummy
 96382 | Tomb:1   | Killed a royal mummy
 96391 | Tomb:1   | Killed a royal mummy
 96428 | Tomb:1   | Noticed a royal mummy
 96438 | Tomb:1   | Killed a royal mummy
 96464 | Tomb:1   | Noticed a royal mummy
 96464 | Tomb:1   | Noticed a royal mummy
 96471 | Tomb:1   | Killed a royal mummy
 96472 | Tomb:1   | Killed a royal mummy
 96476 | Tomb:1   | Noticed a royal mummy
 96478 | Tomb:1   | Noticed a royal mummy
 96479 | Tomb:1   | Noticed a royal mummy
 96489 | Tomb:1   | Killed a royal mummy
 96490 | Tomb:1   | Noticed a royal mummy
 96491 | Tomb:1   | Killed a royal mummy
 96492 | Tomb:1   | Noticed a royal mummy
 96495 | Tomb:1   | Killed a royal mummy
 96501 | Tomb:1   | Killed a royal mummy
 96502 | Tomb:1   | Killed a royal mummy
 96545 | Tomb:1   | Noticed a royal mummy
 96585 | Tomb:1   | Killed a royal mummy
 96880 | Tomb:3   | Entered Level 3 of the Tomb of the Ancients
 96898 | Tomb:3   | Reached skill level 27 in Dodging
 96953 | Tomb:3   | Noticed a royal mummy
 96962 | Tomb:3   | Noticed a royal mummy
 96963 | Tomb:3   | Noticed a royal mummy
 96965 | Tomb:3   | Noticed a royal mummy
 96966 | Tomb:3   | Killed a royal mummy
 96970 | Tomb:3   | Noticed a royal mummy
 96970 | Tomb:3   | Killed a royal mummy
 97051 | Tomb:3   | Noticed a royal mummy
 97055 | Tomb:3   | Noticed a royal mummy
 97056 | Tomb:3   | Killed a royal mummy
 97060 | Tomb:3   | Killed a royal mummy
 97060 | Tomb:3   | Killed a royal mummy
 97131 | Tomb:3   | Noticed a royal mummy
 97131 | Tomb:3   | Noticed a royal mummy
 97134 | Tomb:3   | Killed a royal mummy
 97136 | Tomb:3   | Killed a royal mummy
 97139 | Tomb:3   | Killed a royal mummy
 97141 | Tomb:3   | Killed a royal mummy
 97470 | Tomb:3   | Got a golden rune of Zot
 97526 | Tomb:3   | Identified the staff of the Jolly Tables {SInv Stlth+
                  | Earth}
 97555 | Tomb:3   | Got the Almanac of Solid Ill Luck
 97560 | Tomb:3   | Got the Dissertation on Rime
 97565 | Tomb:3   | Identified the ring "Plog" {rN+ Dex+2 Slay+4}
 97567 | Tomb:3   | Identified the +8 sling of the Keeping Gnat {heavy, rC+
                  | Dex+3 Stlth-}
 98158 | Coc:1    | Entered Level 1 of Cocytus
 98805 | Coc:3    | You are sucked into a shaft and drop 3 floors!
 99080 | Coc:7    | Entered Level 7 of Cocytus
 99264 | Coc:7    | Paralysed by a wendigo for 1 turns
 99276 | Coc:7    | Paralysed by a wendigo for 1 turns
 99399 | Coc:7    | Paralysed by a wendigo for 1 turns
 99518 | Coc:7    | Reached skill level 27 in Evocations
 99605 | Coc:7    | Identified the +3 great sword "Widicy" {heavy, Int+3}
 99605 | Coc:7    | Noticed Antaeus
 99624 | Coc:7    | Killed Antaeus
 99673 | Coc:7    | Got an icy rune of Zot
 99836 | Coc:7    | Reached skill level 27 in Fighting
 99971 | Coc:7    | Paralysed by a wendigo for 1 turns
100060 | Coc:7    | Identified the +6 leather armour "Poxiu" {Int+2}
100364 | Geh:1    | Entered Level 1 of Gehenna
100395 | Geh:1    | Reached skill level 27 in Unarmed Combat
101232 | Geh:4    | Reached skill level 27 in Shapeshifting
101374 | Geh:4    | You are sucked into a shaft and drop 2 floors!
101563 | Geh:6    | Learned a level 5 spell: Yara's Violent Unravelling
101714 | Geh:7    | Entered Level 7 of Gehenna
102687 | Geh:7    | Identified the ring of Etol {Wiz rPois rC+ Str+4 Int+2}
102689 | Geh:7    | Identified the amulet of Yriudum {Faith Will+ Regen+}
102693 | Geh:7    | Identified the ring of Ofukk {rC+ Str+2 Int+3}
102699 | Geh:7    | Got Uttuew's Secrets of the Luminous Maleficium
102832 | Geh:7    | Found the +13 sceptre of Asmodeus
102832 | Geh:7    | Noticed Asmodeus
102872 | Geh:7    | Killed Asmodeus
102929 | Geh:7    | Got an obsidian rune of Zot
103221 | Dis:1    | Entered Level 1 of the Iron City of Dis
103619 | Dis:2    | Lost mutation: You are agile. (Dex +4, Str/Int -1) [Jiyva's
                  | grace]
103619 | Dis:2    | Gained mutation: Your flesh is cold resistant. (rC+)
                  | [Jiyva's grace]
103619 | Dis:2    | Gained mutation: Your flesh is very cold resistant. (rC++)
                  | [Jiyva's grace]
103619 | Dis:2    | Gained mutation: Your flesh is almost immune to the effects
                  | of cold. (rC+++) [Jiyva's grace]
103619 | Dis:2    | Gained mutation: You are robust. (+10% HP) [Jiyva's grace]
104340 | Dis:7    | Entered Level 7 of the Iron City of Dis
104638 | Dis:7    | Noticed a juggernaut
104643 | Dis:7    | Killed a juggernaut
104651 | Dis:7    | Reached skill level 27 in Spellcasting
104652 | Dis:7    | Reached skill level 1 in Ice Magic
104807 | Dis:7    | Reached skill level 5 in Ice Magic
104856 | Dis:7    | Noticed a juggernaut
104868 | Dis:7    | Killed a juggernaut
104908 | Dis:7    | Noticed the Serpent of Hell
104937 | Dis:7    | Noticed a juggernaut
104950 | Dis:7    | Killed a juggernaut
104958 | Dis:7    | Reached skill level 10 in Ice Magic
105153 | Dis:7    | Killed the Serpent of Hell
105159 | Dis:7    | Noticed Dispater
105176 | Dis:7    | Killed Dispater
105302 | Dis:7    | Got an iron rune of Zot
105303 | Dis:7    | Identified the +1 long sword of Termination {spect, rN+}
105305 | Dis:7    | Identified the staff of Objectivity {*Slow rF+ rC+ Will++
                  | Ice}
105735 | Dis:7    | Identified the ring of Dopriton {Drain rPois rN+ EV+5
                  | Int+4}
106133 | Zot:5    | Noticed Mikibomo the pandemonium lord
106138 | Zot:5    | Killed Mikibomo the pandemonium lord
106210 | Zot:5    | Got the Orb of Zot
106443 | Depths:3 | Noticed Tizoanka the pandemonium lord
106451 | Depths:3 | Killed Tizoanka the pandemonium lord
106835 | D:6      | Noticed Orouqis the pandemonium lord
106839 | D:6      | Killed Orouqis the pandemonium lord
106839 | D:6      | Gained mutation: You occasionally lose the ability to drink
                  | potions when taking damage. [a neqoxec]
106949 | D:3      | Noticed Uceojisch the pandemonium lord
106957 | D:3      | Killed Uceojisch the pandemonium lord
107138 | D:$      | Escaped with the Orb!

Illustrated notes

Levels and vault maps discovered:
D:1:      evilmike_arrival_crescent, layout_loops_ring,
          ebering_ecumenical_altar_box
D:2:      layout_loops_ring, nicolae_the_louvre, uniq_sigmund
D:3:      layout_rooms, mainiacjoe_overflow_tiny_flanked,
          kiku_gazebo_garden_becter, zin_statuary, uniq_crazy_yiuf_cottage,
          uniq_robin, uniq_terence, uniq_natasha
D:4:      layout_loops_ring, hellmonk_no_cap, uniq_ijyb, uniq_pikel
D:5:      layout_layer_cave, grunt_gozag_statues,
          minmay_temple_entry_antechambers, grunt_decor_mini_mirrors,
          serial_park_tiny_1
D:6:      layout_loops_ring
D:7:      layout_basic, mainiacjoe_overflow_brackets, serial_corexii_hall,
          chequers_hall_statues_wall_a, corexii_hall_statues_i,
          chequers_hall_statues_wall_a, chequers_hall_statues_corner_a
D:8:      layout_rooms, gammafunk_ghost_berserking_beasts,
          hellmonk_guarded_unrand_night
D:9:      layout_roguey, minmay_misc_feat_nine_boxes, serial_bayou_crossing,
          uniq_grum
D:10:     layout_loops_ring, nicolae_uskayaw_dance_studio, nicolae_wwwww
D:11:     layout_loops_ring, due_lair_maze_entry_diamond,
          nicolae_sif_muna_little_library
D:12:     layout_basic
D:13:     layout_long_grid
D:14:     layout_stronghold, erik_vaults_2, chequers_big_river,
          minmay_checkerbox
D:15:     grunt_enter_depths_snipers, layout_stronghold,
          nzn_wu_jian_council_hall, nemelex_spade_bored_becter
Lair:1:   layout_chaotic_city, serial_rivers, chequers_serial_rivers_small_3,
          chequers_serial_rivers_large_b, chequers_serial_rivers_room_a,
          chequers_serial_rivers_micro_b, chequers_serial_rivers_room_a,
          chequers_serial_rivers_micro_c, lemuel_fruit_tree, uniq_nergalle
Lair:2:   layout_layer_cave, minmay_shoals_entry_lonely_mermaid,
          dummy_spider_entry, gammafunk_ghost_cemetery,
          nicolae_volcano_entry_s_turn, forest_entry_grove,
          infiniplex_staircase_pool_2
Lair:3:   layout_cave_pods, serial_bayou_shore_a, grunt_megastairs_1
Lair:4:   layout_regular_city, portal_ice_cave_entry_ice_simulacra
Lair:5:   hangedman_lair_caniforms_friends, layout_hall_layers,
          guppyfry_lair_end_dragon, minmay_slime_entry_oklob_open,
          gauntlet_entry_generic, serial_bayou_pond_d
Shoals:1: layout_shoals, lightli_airlock, uniq_aizul
Shoals:2: layout_shoals, nicolae_shoals_spring_well_temple
Shoals:3: layout_shoals
Shoals:4: shoals_end_hellmonk_storm_palace [storm_palace_center_circular,
          storm_palace_corner_altar, storm_palace_corner_altar,
          storm_palace_corner_blocked, storm_palace_corner_pillars]
Spider:1: layout_spider_delve, hangedman_spider_tarantella_strand, uniq_frances
Spider:2: layout_spider_delve
Spider:3: spider_temple_joshua
Spider:4: guppyfry_spider_rune, gammafunk_ghost_mausoleum
Slime:1:  layout_caves
Slime:2:  cheibrodos_slime_lost_civilization_10, layout_caves
Slime:3:  layout_caves, cheibrodos_slime_lost_civilization_6
Slime:4:  nicolae_slime_infinislime, layout_caves,
          cheibrodos_slime_lost_civilization_7
Slime:5:  slime_pit_nicolae_block_by_block
Orc:1:    cheibrodos_orc_guarddog, layout_caves, serial_shops, shop,
          uniq_erolcha
Orc:2:    pubby_orc_utopia
Elf:1:    eino_elf_arrival_customs, layout_gridlike, orc_legates, uniq_roxanne
Elf:2:    elven_hall_of_blades_hangedman_original [mumra_blade_entry_bloodbath],
          layout_rooms, nicolae_take_the_stairs, guppyfry_library_mini
Elf:3:    minmay_elf_hall_curves, layout_geoelf_octagon, serial_shops, shop
Vaults:1: ontoclasm_vaults_chip, hangedman_vaults_pinch, v_alt_pattern_4,
          hangedman_vaults_stream, vaults_room_grunt_arrival_ludios,
          nicolae_vaults_closet_pinwheel_6, nicolae_vaults_double_plus_3,
          v_pattern_2, ontoclasm_vaults_gallery, nicolae_vaults_tetromino_T_2,
          nicolae_vaults_asterisk, ontoclasm_vaults_decontamination,
          nicolae_vaults_tangram_1, nicolae_vaults_diamond_1,
          layout_vaults_ring, nicolae_trove_entry_crossroad, uniq_nikola
Vaults:2: portal_desolation_entry_nicolae_nacl, vaults_room_hallway, v_misc_3,
          ontoclasm_vaults_ligature, nicolae_vaults_tangram_2, v_misc_16,
          v_rooms_6, nicolae_vaults_trapezoid_4,
          nicolae_vaults_security_offices_5, vaults_dpeg_cross,
          nicolae_vaults_little_squares_2, nicolae_vaults_trapezoid_lopsided_2,
          ontoclasm_vaults_loading_screen, nicolae_vaults_trapezoid_lopsided_1,
          nicolae_vaults_surprise_closet, layout_vaults_omnicross
Vaults:3: nicolae_vaults_stairing_the_circle, nicolae_vaults_diamond_2,
          vaults_room_stairs_pillars, nicolae_vaults_offset_grid_hallway_3,
          nicolae_vaults_taking_the_gang_shopping, serial_ice_h,
          vaults_standard_mumra_x, v_misc_27, nicolae_vaults_hexular_roomagon,
          nicolae_vaults_variable_pillar_hall_cross,
          nicolae_vaults_mini_display_case, minmay_crypt_entry_simple_round,
          nicolae_vaults_tetromino_L_1, vaults_room_corners,
          nicolae_vaults_double_plus_2, layout_vaults_maze_bifur, serial_shops,
          shop
Vaults:4: mu_enter_wizlab_2, nicolae_vaults_trapezoid_lopsided_1,
          nicolae_vaults_closet_pinwheel_3, nicolae_vaults_heart-shaped_vault,
          vaults_room_ringed_pool, nicolae_vaults_storage_closets_3,
          nicolae_vaults_variable_pillar_hall, nicolae_vaults_tetromino_Z_1,
          layout_vaults_quadrants, serial_shops, shop, shop, shop
Vaults:5: serial_shops
Crypt:1:  layout_gridlike, hangedman_feature_mirror, grunt_megastairs_3,
          grunt_crypt_arrival_webbed, uniq_sojobo, uniq_xtahua, uniq_jory
Crypt:2:  layout_gridlike, uniq_donald
Crypt:3:  cryptofortress_bobbens, uniq_margery, uniq_zenata
Tomb:1
Tomb:2
Tomb:3
Depths:1: layout_gridlike, hellmouth_3, nicolae_ru_awakened_eye,
          muffindrake_ghost_dual_entry, minmay_misc_feat_iff,
          grunt_ministairs_7, minivault_1, hangedman_decor_growths,
          uniq_saint_roka, uniq_asterion, uniq_enchantress
Depths:2: hangedman_spin_cycle, abyss_entry, hell_entry, pan_entry
Depths:3: minmay_stepped, layout_cave_pools, enter_ziggurat_c,
          hangedman_tar_grid_catacomb, grunt_decor_one_mirror,
          nicolae_abyss_entry_one_way_or_another, minmay_misc_feat_encased,
          uniq_mara, uniq_josephina
Depths:4: evilmike_zot_entry_argh, layout_cave_shapes,
          grunt_hell_entry_dis_grunt, serial_shops, nicolae_shop_drivethru,
          kb_rosetta
Hell
Dis:1:    layout_regular_city
Dis:2:    nicolae_dis_array, layout_subdivisions, nicolae_dis_big_boring_drill
Dis:3:    hangedman_dis_monolith, layout_regular_city
Dis:4:    layout_jigsaw
Dis:5:    layout_overlapping_boxes
Dis:6:    layout_subdivisions, nicolae_dis_grated_feature
Dis:7:    dis_grunt_layers
Geh:1:    layout_gehenna_lava_caves
Geh:2:    layout_gehenna_lava_caves
Geh:3:    layout_gehenna_lava_caves
Geh:4:    layout_gehenna_lava_caves, lemuel_flamethrower_3
Geh:6:    layout_gehenna_pools_box
Geh:7:    evilmike_geh
Coc:1:    layout_ice_bergs
Coc:2:    layout_ice_bergs
Coc:3:    layout_ice_bergs
Coc:6:    layout_cocytus_delve
Coc:7:    coc_hangedman
Tar:1:    layout_honeycomb, nicolae_tar_cuneiform_water
Tar:2:    layout_catacombs, nicolae_tar_cuneiform_water
Tar:3:    layout_honeycomb, nicolae_hells_hurtin_island
Tar:4:    layout_grid_maze, nicolae_tar_honey_rotating
Tar:5:    nicolae_hells_titanomachy
Tar:6:    layout_catacombs, nicolae_tar_cuneiform_not,
          nicolae_tar_cuneiform_heaven
Tar:7:    tar_old
Zot:1:    layout_cathedral_of_symmetry, hangedman_elemental_grid_stream
Zot:2:    layout_misc_corridors
Zot:3:    layout_misc_corridors, skrybe_zot_glass_1, grunt_megastairs_5,
          lemuel_elevator
Zot:4:    layout_gridville, uniq_vv
Zot:5:    layout_gridlike, ebering_ghost_disaster_area

Skill      XL: |  1  2  3  4  5  6  7  8  9 10 11 12 13 14 15 16 17 18 19 20 21 22 23 24 25 26 27 |
---------------+----------------------------------------------------------------------------------+-----
Dodging        | 3 4 5 6 7 9 10 12 13 14 16 17 19 21 27 | 27.0
Stealth        | 1 2 3 4 6 7 9 10 12 13 14 16 18 20 21 22 27 | 27.0
Fighting       | 2 3 4 5 6 7 8 9 11 12 13 15 17 19 21 27 | 27.0
Unarmed Combat | 4 5 6 8 9 11 14 17 18 20 21 27 | 27.0
Shapeshifting  | 4 5 6 7 9 10 13 18 20 21 27 | 27.0
Evocations     | 9 15 20 21 27 | 27.0
Hexes          | 18 21 27 | 27.0
Translocations | 13 17 21 27 | 27.0
Spellcasting   | 8 12 16 17 27 | 27.0
Ice Magic      | 13 | 13.8

Action                     |  1- 3 |  4- 6 |  7- 9 | 10-12 | 13-15 | 16-18 | 19-21 | 22-24 | 25-27 || total
---------------------------+-------+-------+-------+-------+-------+-------+-------+-------+-------++-------
  Melee: Unarmed           |    67 |   133 |   215 |   519 |   973 |   714 |  1108 |  1741 |  5966 || 11436
         Bite              |     6 |    13 |    27 |    78 |    38 |       |       |    11 |   845 ||  1018
         Punch             |     1 |     3 |    10 |    64 |    92 |   104 |   151 |   301 |  1283 ||  2009
         Headbutt          |       |       |       |       |       |       |       |       |  1434 ||  1434
         Pseudopods        |       |       |       |       |       |       |       |       |  1324 ||  1324
   Cast: Dispersal         |       |       |       |       |       |       |       |     4 |     1 ||     5
         Discord           |       |       |       |       |       |       |       |       |    77 ||    77
         Vhi's Electric Ch |       |       |       |       |       |       |       |       |   121 ||   121
         Enfeeble          |       |       |       |       |       |       |       |       |   102 ||   102
         Yara's Violent Un |       |       |       |       |       |       |       |       |     2 ||     2
         Apportation       |       |       |       |       |       |       |       |       |     1 ||     1
         Swiftness         |       |       |       |       |       |       |       |       |     1 ||     1
         Disjunction       |       |       |       |       |       |       |       |       |     1 ||     1
 Invoke: Call Merchant     |       |       |       |     1 |     4 |       |     3 |     3 |       ||    11
         Slimify           |       |       |       |       |       |       |       |     1 |       ||     1
Ability: Blinkbolt         |       |       |       |       |     3 |     2 |     3 |     2 |     2 ||    12
         Siphon Essence    |       |       |       |       |       |       |       |     1 |     4 ||     5
         Begin Untransform |       |       |       |       |       |       |       |       |     2 ||     2
  Evoke: Wand              |       |       |     2 |    11 |       |       |       |       |    14 ||    27
         Phantom mirror    |       |       |       |       |       |       |       |       |     7 ||     7
         Lightning rod     |       |       |       |       |       |       |       |       |     5 ||     5
         Condenser vane    |       |       |       |       |       |       |       |       |     5 ||     5
         Horn of Geryon    |       |       |       |       |       |       |       |       |     2 ||     2
    Use: Potion            |     1 |     1 |     1 |     2 |     9 |     1 |     6 |     7 |    16 ||    44
         Scroll            |       |       |       |    12 |    14 |     4 |     9 |    13 |    20 ||    72
   Stab: Sleeping          |     5 |     5 |    14 |    22 |    39 |    42 |    61 |    60 |    88 ||   336
         Distracted        |       |       |     2 |     4 |    22 |    31 |    37 |    15 |   137 ||   248
         Paralysed         |       |       |     1 |     2 |       |       |       |     1 |       ||     4
         Confused          |       |       |       |       |       |       |       |     1 |       ||     1
         Invisible         |       |       |       |       |       |       |       |       |    44 ||    44
         Held in net/web   |       |       |       |       |       |       |       |       |     2 ||     2
 Armour: Skin              |    11 |    22 |    27 |    52 |    63 |    38 |    42 |    71 |   175 ||   501
  Dodge: Dodged            |    35 |    97 |   165 |   504 |   987 |   839 |  1061 |  1801 |  6061 || 11550
   Form: Storm             |       |       |       |       |     2 |       |       |     1 |     8 ||    11
         Beast             |       |       |       |       |     1 |       |       |       |       ||     1
         Death             |       |       |       |       |       |       |       |     1 |    10 ||    11
                           |       |       |       |       |       |       |       |       |     1 ||     1
         Statue            |       |       |       |       |       |       |       |       |     1 ||     1

Table legend: (Time is in decaauts)
 A = Elapsed time spent in this place.
 B = Non-inter-level travel time spent in this place.
 C = Inter-level travel time spent in this place.
 D = Time resting spent in this place.
 E = Time spent auto-exploring this place.
 F = Levels seen in this place.
 G = Mean time per level.
                   A        B        C        D        E       F      G
               +--------+--------+--------+--------+--------+-----+--------+
         Total |  96027 |  86038 |   9989 |     40 |  63773 | 111 |  865.1 |
       Dungeon |  16434 |  13034 |   3400 |      0 |  10382 |  15 | 1095.6 |
          Lair |  11218 |   9691 |   1527 |      0 |   8183 |   5 | 2243.6 |
        Shoals |   4496 |   4203 |    293 |      0 |   3515 |   4 | 1124.0 |
   Spider Nest |   4874 |   4677 |    197 |     31 |   3642 |   4 | 1218.5 |
    Slime Pits |   3242 |   2925 |    317 |      0 |   2334 |   5 |  648.4 |
  Orcish Mines |   2867 |   2539 |    328 |      9 |   1938 |   2 | 1433.5 |
   Elven Halls |   3679 |   3503 |    176 |      0 |   2697 |   3 | 1226.3 |
        Vaults |   6723 |   5928 |    795 |      0 |   4582 |   5 | 1344.6 |
         Crypt |   3072 |   2673 |    399 |      0 |   2028 |   3 | 1024.0 |
          Tomb |   2702 |   2276 |    426 |      0 |   1276 |   3 |  900.7 |
        Depths |   6095 |   5112 |    983 |      0 |   3803 |   4 | 1523.8 |
          Hell |    722 |    630 |     92 |      0 |    271 |   1 |  722.0 |
           Dis |   2358 |   2185 |    173 |      0 |   1489 |   7 |  336.9 |
       Gehenna |   2289 |   2226 |     63 |      0 |   1559 |   6 |  381.5 |
       Cocytus |   1659 |   1568 |     91 |      0 |    913 |   5 |  331.8 |
      Tartarus |   2373 |   2252 |    121 |      0 |   1415 |   7 |  339.0 |
           Zot |   4433 |   3831 |    602 |      0 |   2770 |   5 |  886.6 |
         Abyss |   1546 |   1546 |      0 |      0 |    833 |   5 |  309.2 |
   Pandemonium |  13395 |  13395 |      0 |      0 |   8844 |  19 |  705.0 |
        Wizlab |    653 |    653 |      0 |      0 |    519 |   1 |  653.0 |
    Desolation |    803 |    803 |      0 |      0 |    513 |   1 |  803.0 |
      Gauntlet |    384 |    384 |      0 |      0 |    259 |   1 |  384.0 |
               +--------+--------+--------+--------+--------+-----+--------+

Top non-repeatable levels by time:
  Lair:2: 3542 daAuts
  Lair:1: 2510 daAuts
  Lair:3: 2386 daAuts
    D:15: 2197 daAuts
Vaults:1: 2128 daAuts
   Orc:2: 2126 daAuts
Depths:1: 2108 daAuts
Depths:4: 2005 daAuts
   Zot:5: 1658 daAuts
Shoals:4: 1621 daAuts
    D:14: 1614 daAuts
Spider:4: 1602 daAuts
  Lair:5: 1565 daAuts
    D:11: 1501 daAuts
Spider:3: 1443 daAuts
